 Dungeon Crawl Stone Soup version 0.19.5 (webtiles) character file.

1799999 Mefis the Englaciator (level 27, -15/181 HPs)
             Began as a Deep Elf Ice Elementalist on Feb 17, 2017.
             Was a High Priest of Sif Muna.
             Killed from afar by an orb of fire (30 damage)
             ... with a fireball
             ... on level 5 of the Realm of Zot on Mar 14, 2017.
             The game lasted 21:26:53 (215355 turns).

Mefis the Englaciator (Deep Elf Ice Elementalist) Turns: 215355, Time: 21:26:54

Health: -15/181    AC: 35    Str:  7    XL:     27
Magic:  9/56       EV: 45    Int: 42    God:    Sif Muna [*****.]
Gold:   13166      SH:  0    Dex: 20    Spells: 12 memorised, 0 levels left

rFire  + . .     SeeInvis .     b - staff of conjuration
rCold  + + +     Gourm    .     v - +1 leather armour "Meex" {rElec rPois Str-3 Int+8}
rNeg   + + +     Faith    .     M - +3 shield of Defiance {rC+ MR+ Dex+5}
rPois  ∞         Spirit   .     u - +2 hat of the High Council {Archmagi, Wiz- Stlth-}
rElec  +         Reflect  +     O - +1 cloak of Starlight {rElec rC+ EV+4 Stlth--}
rCorr  .         Harm     .     y - +2 pair of gloves of Vexation {Str+5}
MR     ++++.                    W - +2 pair of boots {Fly}
Stlth  ..........               r - amulet "Mamaalie" {Reflect rF+ SH+5}
                                w - ring of Shaolin {EV+8}
                                R - ring of Robustness {AC+8}

@: confused, lich-form, flying
A: large bone plates 1
a: End Transformation, Divine Energy, Channel Magic, Forget Spell, Renounce
Religion, Stop Flying
}: 13/15 runes: decaying, serpentine, slimy, silver, golden, iron, obsidian,
icy, bone, abyssal, demonic, magical, dark


You were on level 5 of the Realm of Zot.
You worshipped Sif Muna.
Sif Muna was extremely pleased with you.
You were not hungry.
You were a lich.
You visited 18 branches of the dungeon, and saw 90 of its levels.
You visited Pandemonium 1 time, and saw 13 of its levels.
You visited the Abyss 1 time.
You completed 3 ziggurats, and saw 81 of their levels.
You also visited: Trove, Ice Cave and Desolation.

You collected 17841 gold pieces.
You spent 4675 gold pieces at shops.

Inventory:

Hand Weapons
 k - the +7 spear "Wewnouh" {pierce, +Blink SInv}
   (You found it on level 12 of a ziggurat)

   It inflicts extra damage upon your enemies.
   It lets you see invisible.
   It lets you blink.
Armour
 u - the +2 hat of the High Council (worn) {Archmagi, Wiz- Stlth-}
   (You found it on level 11 of a ziggurat)

   It makes you less stealthy.
 v - the +1 leather armour "Meex" (worn) {rElec rPois Str-3 Int+8}
   (You found it on level 4 of the Snake Pit)

   It affects your strength (-3).
   It affects your intelligence (+8).
   It insulates you from electricity.
   It protects you from poison.
 y - the +2 pair of gloves of Vexation (worn) {Str+5}
   (You found it on level 1 of the Crypt)

   It affects your strength (+5).
 M - the +3 shield of Defiance (worn) {rC+ MR+ Dex+5}
   (You found it on level 22 of a ziggurat)

   It affects your dexterity (+5).
   It protects you from cold.
   It affects your resistance to hostile enchantments.
 O - the +1 cloak of Starlight (worn) {rElec rC+ EV+4 Stlth--}
   (You found it on level 9 of a ziggurat)

   It affects your evasion (+4).
   It protects you from cold.
   It insulates you from electricity.
   It makes you much less stealthy.
 W - a +2 pair of boots of flying (worn)
Magical Staves
 a - an uncursed staff of energy
 b - an uncursed staff of conjuration (weapon)
Rods
 d - a +9 rod of ignition (17/17)
   (You found it on level 12 of a ziggurat)
Jewellery
 r - the amulet "Mamaalie" (around neck) {Reflect rF+ SH+5}
   (You found it on level 25 of a ziggurat)

   [amulet of reflection]

   It shields you and reflects attacks.
   It protects you from fire.
   It affects your SH (+5).
 w - the ring of Shaolin (right hand) {EV+8}
   (You found it on level 7 of Cocytus)

   [ring of evasion]

   It affects your evasion (+8).
 R - the ring of Robustness (left hand) {AC+8}
   (You found it on level 2 of the Crypt)

   [ring of protection]

   It affects your AC (+8).
Wands
 i - a wand of disintegration (24/24)
 p - a wand of hasting (9/9)
 q - a wand of heal wounds (8/9)
 K - a wand of hasting (9/9)
 L - a wand of paralysis (12/24)
 N - a wand of teleportation (7/9)
 S - a wand of polymorph (21/24)
 X - a wand of digging (24/24)
Scrolls
 c - 7 scrolls of recharging
 h - 48 scrolls of remove curse
 j - 7 scrolls of noise
 m - 14 scrolls of blinking
 t - 66 scrolls of teleportation
 x - 5 scrolls of summoning
 A - 14 scrolls of magic mapping
 B - 19 scrolls of fear
 G - 35 scrolls of fog
 J - 4 scrolls of immolation
 Q - 4 scrolls of torment
 T - 24 scrolls of holy word
Potions
 e - 3 potions of magic
 f - 2 potions of haste
 g - 12 potions of brilliance
 l - 3 potions of agility
 n - 24 potions of cure mutation
 D - 5 potions of heal wounds
 F - 4 potions of resistance
 I - 10 potions of curing
 Y - 5 potions of cancellation
Books
 o - Sif Muna's Handbook of Dark Conjuration
   (Sif Muna gifted it to you on level 5 of the Realm of Zot)

   Spells                             Type                      Level
   a - Lightning Bolt                 Conjuration/Air              5
   b - Bolt of Draining               Conjuration/Necromancy       5
   c - Irradiate                      Conjuration/Transmutation    5
   d - Agony                          Necromancy                   5
   e - Bolt of Cold                   Conjuration/Ice              6
   f - Orb of Destruction             Conjuration                  7
   g - Necromutation                  Transmutation/Necromancy     8
Miscellaneous
 s - a phial of floods (inert)
 z - a crystal ball of energy
 U - 17 phantom mirrors
 V - a lamp of fire (inert)
Comestibles
 C - 57 royal jellies
 E - 12 meat rations
 H - 21 beef jerkies


   Skills:
 O Level 27 Fighting
 - Level 1.3(2.2) Polearms
 + Level 3.5(3.8) Staves
 + Level 2.6 Throwing
 O Level 27 Armour
 O Level 27 Dodging
 + Level 5.4 Stealth
 O Level 27 Shields
 O Level 27 Spellcasting
 O Level 27 Conjurations
 O Level 27 Hexes
 O Level 27 Charms
 O Level 27 Summonings
 O Level 27 Necromancy
 O Level 27 Translocations
 O Level 27 Transmutations
 O Level 27 Fire Magic
 O Level 27 Ice Magic
 O Level 27 Air Magic
 O Level 27 Earth Magic
 O Level 27 Invocations
 O Level 27 Evocations


You couldn't memorise any spells.
You knew the following spells:

 Your Spells              Type           Power        Failure   Level  Hunger
a - Glaciate              Conj/Ice       #########.   4%          9    N/A
b - Dragon's Call         Summ           #########.   4%          9    N/A
c - Controlled Blink      Tloc           N/A          1%          8    N/A
d - Lehudib's Crystal Sp  Conj/Erth      #########.   1%          8    N/A
e - Ensorcelled Hibernat  Hex/Ice        ######       1%          2    N/A
f - Borgnjor's Revivific  Necr           #########.   1%          8    N/A
l - Death's Door          Chrm/Necr      #########.   1%          8    N/A
o - Shroud of Golubria    Chrm/Tloc      #########.   1%          2    N/A
p - Ozocubu's Armour      Chrm/Ice       ########     1%          3    N/A
s - Fire Storm            Conj/Fire      #########.   4%          9    N/A
u - Necromutation         Tmut/Necr      #########.   1%          8    N/A
y - Deflect Missiles      Chrm/Air       #########.   1%          6    N/A

Dungeon Overview and Level Annotations

Branches:
Dungeon (15/15)            Temple (1/1) D:5            Lair (6/6) D:8
  Swamp (4/4) Lair:3        Snake (4/4) Lair:4        Slime (5/5) Lair:5
    Orc (2/2) D:10            Elf (3/3) Orc:2        Vaults (5/5) D:13
  Crypt (3/3) Vaults:3       Tomb (3/3) Crypt:3      Depths (5/5) D:15
   Hell (1/1)                 Dis (7/7) Hell            Geh (7/7) Hell
    Coc (7/7) Hell            Tar (7/7) Hell            Zot (5/5) Depths:5

Altars:
Ashenzari
Cheibriados
Dithmenos
Elyvilon
Fedhas
Gozag
Hepliaklqana
Kikubaaqudgha
Makhleb
Nemelex Xobeh
Okawaru
Qazlal
Ru
Sif Muna
Trog
Uskayaw
Vehumet
Xom
Yredelemnul
Zin
The Shining One
Lugonu

Shops:
D:6 (   D:7 [   Orc:2 (*=[   Elf:1 !   Elf:2 *(   Snake:4 *   Depths:2 }=

Portals:
Hell: Depths:1 Depths:2 Depths:3 Depths:4 Depths:5
Abyss: Depths:4
Pandemonium: Depths:1 Depths:3

Annotations:
Lair:2 fly


Innate Abilities, Weirdness & Mutations

You are partially covered in large bone plates. (SH +4)


Message History

The moth of wrath shaped block of ice melts away.
The ancient lich is engulfed in roaring flames.
The ancient lich touches you.
* * * LOW HITPOINT WARNING * * *
The electric golem is engulfed in roaring flames.
The electric golem hurls lightning at you.
The bolt of lightning hits your ancient lich.
Your ancient lich resists.
The bolt of lightning hits you! You resist.
* * * LOW HITPOINT WARNING * * *
The bolt of lightning hits your water elemental.
Your water elemental resists.
Your water elemental is destroyed!
The bolt of lightning hits your orb of fire.
Your orb of fire completely resists.
Your water elemental is engulfed in roaring flames.
Your water elemental closely misses the ancient lich.
The orb of fire glows red.
The fireball explodes!
The fireball engulfs you! You resist.
You die...

# ######### ..##
.....8LE## ...##
....§dLL§## #....
..#####§§*###⌠....
##**≈#...#
##**≈..# ##...##
##...## ##...##
##...## ###
##....##


You could see an orb of fire, an electric golem, an ancient lich, a green
draconian, 2 friendly orbs of fire, a friendly ancient lich and a friendly water
elemental.

Vanquished Creatures
  Asmodeus (Geh:7)
  Antaeus (Coc:7)
  Gloorx Vloq (Pan)
  the Royal Jelly (Slime:5)
  Lom Lobon (Pan)
  51 ancient liches
  14 orbs of fire
  Mara (Depths:3)
  18 juggernauts
  Sojobo (Depths:4)
  The ghost of North the Slayer, a legendary GrFi of the Shining One (Pan)
  52 greater mummies
  68 shard shrikes
  Saint Roka (Depths:3)
  14 Killer Klowns
  3 curse toes
  Geryon (Hell)
  58 golden dragons
  17 caustic shrikes
  the Enchantress (Depths:2)
  Nikola (Elf:1)
  13 profane servitors
  33 doom hounds
  3 electric golems
  28 pandemonium lords
  19 iron giants
  47 bone dragons
  10 hellephants
  65 Brimstone Fiends
  101 Tzitzimimeh
  Rupert (Lair:5)
  65 Ice Fiends
  9 Orb Guardians (Zot:5)
  23 Hell Sentinels
  43 liches
  50 tentacled monstrosities
  21 deep elf blademasters
  38 titans
  A quicksilver dragon (shapeshifter) (Zig:18)
  35 deep elf master archers
  14 eldritch tentacles
  An acid blob (shapeshifter) (Zig:18)
  8 quicksilver dragons
  81 acid blobs
  10 death cobs
  Gastronok (Lair:3)
  32 sphinxes
  50 Executioners
  66 ancient champions
  A kraken (Abyss:5)
  7 thorn hunters
  24 shadow dragons
  Frances (Snake:2)
  70 nagarajas
  22 warmongers
  Kirke (D:12)
  14 tengu reavers
  19 tentacled starspawn
  Roxanne (Elf:1)
  18 storm dragons
  20 fire giants
  2 daevas (Depths:3)
  A fire giant (shapeshifter) (Zig:18)
  2 draconian monks
  37 azure jellies
  38 revenants
  A frost giant (shapeshifter) (Zig:18)
  27 vault wardens
  19 cacodemons
  25 frost giants
  3 draconian scorchers
  16 draconian knights
  5 caustic shrike zombies
  9 iron dragons
  30 ghost moths
  25 emperor scorpions
  49 balrugs
  6 juggernaut zombies (Zig:21)
  7 deep elf elementalists
  An angel (Depths:3)
  2 deep elf sorcerers
  4 draconian shifters
  2 draconian zealots
  14 ghouls
  70 orc warlords
  21 ironheart preservers
  5 elemental wellsprings
  31 curse skulls
  8 draconian annihilators
  An ophan (Zig:24)
  30 war gargoyles
  9 spriggan defenders
  2 stone giants (shapeshifter) (Zig:18)
  2 caustic shrike skeletons (Zig:23)
  191 reapers
  74 stone giants
  18 entropy weavers
  14 blood saints
  7 green draconians
  70 very ugly things
  21 lorocyprocas
  34 vampire knights
  11 corrupters
  3 juggernaut skeletons
  11 black suns
  38 deep elf demonologists
  14 bennus
  10 black draconians
  34 deep elf annihilators
  Nessos (D:13)
  4 purple draconians
  7 red draconians
  6 mottled draconians
  16 dire elephants
  16 spark wasps
  6 yellow draconians
  8 white draconians
  20 ettins
  26 eidola
  24 merfolk javelineers
  37 mummy priests
  68 blizzard demons
  Snorg (D:13)
  27 deep elf death magi
  A minotaur (shapeshifter) (Vaults:5)
  An ettin (shapeshifter) (Vaults:1)
  16 death oozes
  A great orb of eyes (shapeshifter) (Zig:26)
  14 quicksilver dragon zombies
  43 fire dragons
  40 yaktaur captains
  A spectral kraken (Tar:7)
  37 green deaths
  10 merfolk impalers
  A crystal guardian (Zig:26)
  19 jiangshi
  40 great orbs of eyes
  Erolcha (D:10)
  37 deep elf high priests
  The ghost of Paps the Grappler, a journeyman TrFi of Okawaru (D:12)
  2 ragged hierophants (Desolation)
  2 servants of whispers (Desolation)
  8 quicksilver dragon skeletons
  Fannar (D:12)
  16 rakshasas
  51 ice dragons
  13 vault guards
  8 monstrous demonspawn
  67 hydras
  12 hell beasts
  4 juggernaut simulacra
  8 peacekeepers
  8 kraken zombies
  13 spriggan air magi
  A caustic shrike simulacrum (Zig:24)
  14 ghost crabs
  2 hydras (shapeshifter)
  5 catoblepae
  A ghost crab (shapeshifter) (Vaults:2)
  19 naga warriors
  4 merfolk avatars
  12 death knights
  8 alligator snapping turtles
  19 ogre magi
  7 centaur warriors
  2 anacondas (shapeshifter)
  25 merfolk aquamancers
  23 alligators
  22 anacondas
  59 dancing weapons
  5 death yaks
  8 deep troll shamans
  A satyr (Zig:18)
  8 tengu warriors
  An alligator (shapeshifter) (Zig:11)
  12 deep troll earth magi
  50 vampire magi
  2 death yaks (shapeshifter)
  22 titan zombies
  94 orc high priests
  27 thrashing horrors
  Urug (Lair:2)
  18 naga sharpshooters
  3 shock serpents (shapeshifter)
  72 death scarabs
  30 shock serpents
  93 hell hogs
  8 spriggan berserkers
  26 small abominations
  85 soul eaters
  20 spriggans
  16 storm dragon zombies
  3 iron golems
  Sonja (D:13)
  39 deep elf knights
  103 sun demons
  297 skeletal warriors
  14 titan skeletons
  27 wretched stars
  91 hell knights
  A cherub (Pan)
  6 fire crabs
  18 golden dragon zombies
  16 sixfirhies
  4 spatial maelstroms
  48 iron trolls
  4 spark wasp zombies
  45 swamp dragons
  6 salamander mystics
  28 shadow wraiths
  A deep troll (shapeshifter) (Zig:14)
  4 unseen horrors
  2 fire crabs (shapeshifter)
  11 storm dragon skeletons
  14 spriggan druids
  23 death drakes
  12 glowing orange brains
  67 shadow demons
  3 quicksilver dragon simulacra
  7 ghost moth zombies
  4 unseen horrors (shapeshifter)
  49 deep trolls
  A glowing orange brain (shapeshifter) (Zig:26)
  9 infernal demonspawn (Pan)
  47 flayed ghosts
  2 sea snakes (shapeshifter)
  10 gelid demonspawn (Pan)
  6 sea snakes
  37 ironbrand convokers
  21 shadow dragon zombies
  16 torturous demonspawn
  13 naga ritualists
  24 anaconda zombies
  17 wolf spider zombies
  12 golden dragon skeletons
  An obsidian statue (Zig:7)
  14 shambling mangroves
  14 hill giants
  A sphinx zombie (Zig:14)
  6 wizards
  A lindwurm (shapeshifter) (Zig:12)
  13 anaconda skeletons
  46 necromancers
  3 lindwurms (Snake:4)
  31 orc knights
  A hill giant (shapeshifter) (Zig:14)
  A wolf spider (shapeshifter) (Zig:14)
  19 harpies
  19 mana vipers
  52 orc sorcerers
  47 deep elf archers
  52 phantasmal warriors
  14 cyclopes
  3 manticores (shapeshifter)
  23 iron dragon zombies
  24 frost giant zombies
  34 shining eyes
  An orb spider (shapeshifter) (D:15)
  2 shining eyes (shapeshifter)
  19 wolf spiders
  8 worldbinders
  15 shadow dragon skeletons
  146 deep elf magi
  A mana viper (shapeshifter) (Zig:5)
  10 oklob plants
  19 orb spiders
  18 elephants
  2 fauns (shapeshifter)
  22 stone giant zombies
  22 fire giant zombies
  9 human zombies
  2 sphinx skeletons
  78 ugly things
  9 salamanders
  23 manticores
  11 stone giant skeletons
  4 fauns (Zig:18)
  2 moths of wrath (shapeshifter)
  78 moths of wrath
  3 shock serpent zombies
  18 fire giant skeletons
  18 frost giant skeletons
  4 centaur zombies
  Maurice (D:9)
  18 dire elephant zombies
  11 apocalypse crabs
  13 water nymphs
  2 elephants (shapeshifter)
  33 naga magi
  2 gargoyles
  2 water nymphs (shapeshifter)
  37 guardian serpents
  9 ice statues
  94 rust devils
  5 sirens
  11 spectral swamp worms (Tar:7)
  A torpor snail (shapeshifter) (Zig:22)
  16 iron dragon skeletons
  92 black mambas
  2 guardian serpents (shapeshifter)
  76 smoke demons
  11 eyes of devastation
  14 torpor snails
  31 vault sentinels
  10 molten gargoyles
  17 orange demons
  A grey draconian zombie (Crypt:1)
  4 titan simulacra
  5 storm dragon simulacra
  2 catoblepas zombies
  9 emperor scorpion zombies
  37 spiny frogs
  87 hellions
  6 centaur skeletons
  11 dire elephant skeletons
  2 shock serpent skeletons
  26 hellwings
  A swamp worm zombie (Crypt:2)
  36 demonic crawlers
  A sea snake zombie (Crypt:1)
  81 yaktaurs
  4 anaconda simulacra
  12 rime drakes
  121 tormentors
  A golden dragon simulacrum (Depths:2)
  21 komodo dragons
  5 kobold demonologists
  A komodo dragon (shapeshifter) (D:13)
  2 yaktaurs (shapeshifter)
  98 ice devils
  14 ancient zymes
  97 freezing wraiths
  10 tengu conjurers
  32 efreet
  81 guardian mummies
  4 catoblepas skeletons
  2 purple draconian skeletons (Crypt:2)
  9 meliai
  A yellow draconian skeleton (Crypt:1)
  68 red devils
  A black draconian skeleton (Crypt:3)
  A queen bee (Abyss:5)
  31 trolls
  45 hydra zombies
  10 jumping spiders
  37 merfolk
  5 silent spectres
  A troll (shapeshifter) (Depths:3)
  2 shadow dragon simulacra
  A meliai (shapeshifter) (Zig:14)
  11 harpy zombies
  9 wind drakes
  22 two-headed ogres
  A tyrant leech (shapeshifter) (Zig:3)
  A wolf spider simulacrum (Coc:2)
  2 blink frogs (shapeshifter)
  34 saltlings (Desolation)
  62 hornets
  2 spectral guardian serpents (Crypt:2)
  2 wind drakes (shapeshifter)
  14 bog bodies
  17 hydra skeletons
  9 polar bears
  A slime creature (shapeshifter) (Zig:22)
  6 harpy skeletons
  14 ice dragon zombies
  2 hippogriffs (shapeshifter)
  197 slime creatures
  11 tyrant leeches
  A dream sheep (shapeshifter) (Zig:18)
  3 dream sheep (Lair:6)
  Prince Ribbit (D:7)
  20 blink frogs
  2 frost giant simulacra
  An iron dragon simulacrum (Coc:7)
  23 raiju
  A stone giant simulacrum (Coc:6)
  15 ettin zombies
  2 snapping turtles (shapeshifter)
  18 hippogriffs
  5 snapping turtles
  13 alligator zombies
  299 flying skulls
  57 starcursed masses
  22 fire dragon zombies
  2 redbacks (shapeshifter)
  Sigmund (D:6)
  13 redbacks
  51 water elementals
  16 ice dragon skeletons
  A satyr skeleton (Crypt:3)
  2 black mamba zombies
  11 fire dragon skeletons
  19 ettin skeletons
  9 alligator skeletons
  23 air elementals
  3 tarantellas (shapeshifter)
  57 yaks
  15 fire bats
  5 vampires
  5 basilisks
  12 tarantellas
  41 ynoxinuls
  7 wyverns
  A hog (D:12)
  114 large abominations
  67 shadows
  68 fire elementals
  90 wraiths
  46 chaos spawn
  A wyvern (shapeshifter) (Vaults:5)
  17 hungry ghosts
  35 ushabtiu
  22 golden eyes
  7 black mamba skeletons
  4 steam dragons
  20 vampire mosquitoes
  25 neqoxecs
  30 wargs
  10 spatial vortices
  An infernal demonspawn zombie (Dis:6)
  8 mottled dragons
  18 insubstantial wisps
  A naga (shapeshifter) (Zig:12)
  3 swamp worms (shapeshifter)
  64 nagas
  A soldier ant (shapeshifter) (Vaults:1)
  3 merfolk zombies
  A torturous demonspawn zombie (Geh:1)
  26 spiny frog zombies
  11 swamp worms
  9 hydra simulacra
  30 water moccasins
  11 porcupines
  203 hell hounds
  26 swamp drakes
  A torturous demonspawn skeleton (Geh:3)
  4 floating eyes
  A hornet zombie (D:12)
  3 floating eyes (shapeshifter)
  13 spiny frog skeletons
  2 ettin simulacra
  A monstrous demonspawn skeleton (Geh:7)
  9 sky beasts
  21 ice beasts
  4 black bears
  19 phantoms
  2 orc zombies
  6 tengu skeletons
  4 alligator simulacra
  22 eyes of draining
  A fire dragon simulacrum (Coc:7)
  53 necrophages
  93 ogres
  171 orc warriors
  16 snapping turtle zombies
  7 swamp dragon zombies
  An ice dragon simulacrum (Coc:1)
  2 eyes of draining (shapeshifter)
  An elf simulacrum (Zig:17)
  A wolf (shapeshifter) (Depths:3)
  7 wolves
  6 manticore skeletons
  4 manticore zombies
  12 boggarts
  16 centaurs
  30 crocodiles
  5 swamp dragon skeletons
  A hippogriff zombie (Crypt:2)
  5 big kobolds
  A rime drake zombie (Crypt:1)
  17 snapping turtle skeletons
  10 elf zombies
  A komodo dragon zombie (Crypt:1)
  12 bullfrogs
  2 glowing shapeshifter simulacra
  4 elf skeletons
  2 gnoll sergeants
  15 earth elementals
  2 spiny frog simulacra
  8 scorpions
  A water moccasin skeleton (D:11)
  10 spriggan zombies
  5 killer bees (Abyss:5)
  2 troll zombies
  2 human simulacra
  260 wights
  A snapping turtle simulacrum (Coc:1)
  A vampire bat (D:4)
  13 howler monkeys
  4 spriggan skeletons
  An electric eel (Lair:4)
  16 crimson imps
  5 draconian simulacra (IceCv)
  9 quasits
  A two-headed ogre zombie (Crypt:2)
  5 hounds
  38 orc wizards
  A bullfrog skeleton (D:10)
  2 gnoll shamans
  31 orc priests
  2 jellies
  3 human skeletons
  54 iron imps
  8 worker ants
  5 iguanas
  A lightning spire (Zig:6)
  A worker ant (shapeshifter) (Zig:26)
  5 hell rats
  A porcupine skeleton (Crypt:1)
  A spriggan simulacrum (IceCv)
  2 troll simulacra (IceCv)
  2 centaur simulacra
  3 naga zombies
  An ogre zombie (Geh:6)
  6 tengu zombies
  2 naga skeletons
  A big kobold skeleton (Crypt:2)
  2 ogre skeletons
  A demigod skeleton (Crypt:2)
  A hound zombie (D:7)
  143 mummies
  A worker ant zombie (D:8)
  A hound skeleton (D:9)
  A naga simulacrum (IceCv)
  10 adders
  A gnoll (Zig:10)
  38 shadow imps
  44 white imps
  An ufetubus (Zig:24)
  3 adder zombies
  An adder skeleton (D:8)
  A worm (D:3)
  8 ball lightnings
  5 dart slugs
  12 leopard geckos
  99 orcs
  6 giant cockroaches
  5 goblins
  5 hobgoblins
  7 jackals
  28 kobolds
  5 quokkas
  3 ball pythons
  19 bats
  4 frilled lizards
  A jackal skeleton (D:8)
  4 kobold skeletons
  2 leopard gecko skeletons
  A leopard gecko zombie (D:7)
  An orc skeleton (Geh:6)
  4 quokka skeletons
  10 rats
  A rat skeleton (Crypt:2)
  229 blocks of ice
  12 briar patches (Zig:27)
  14 crawling corpses
  260 fire vortices
  5 fungi
  A lurking horror (Abyss:5)
  19 plants
  16 starspawn tentacles
  4 tentacles
11984 creatures vanquished.

Vanquished Creatures (collateral kills)
  Ereshkigal (Tar:7)
  the Serpent of Hell (Tar:7)
  4 pandemonium lords (Zig:18)
  Dispater (Dis:7)
  3 ancient liches
  Mennas (Vaults:4)
  Jory (Vaults:3)
  A bone dragon (Zig:21)
  A Brimstone Fiend (Zig:18)
  4 iron giants
  3 Hell Sentinels
  A lich (Pan)
  3 Ice Fiends (Coc:7)
  2 tentacled monstrosities
  A quicksilver dragon (shapeshifter) (Zig:18)
  2 titans (Vaults:5)
  A sphinx (Vaults:5)
  A deep elf blademaster (Elf:3)
  2 Executioners (Pan)
  9 acid blobs
  5 ancient champions
  2 shadow dragons
  6 azure jellies
  A shadow dragon (shapeshifter) (Zig:18)
  A storm dragon (Vaults:5)
  Donald (Elf:1)
  A tengu reaver (Vaults:5)
  2 iron dragons
  3 nagarajas
  3 frost giants
  2 fire giants (Vaults:5)
  2 ghost moths
  A frost giant (shapeshifter) (Zig:18)
  A caustic shrike zombie (Zig:9)
  3 deep elf sorcerers (Elf:3)
  6 vault wardens
  Aizul (Snake:3)
  An orc warlord (Orc:1)
  An emperor scorpion (Zig:27)
  An imperial myrmidon (Desolation)
  3 deep elf elementalists (Elf:3)
  8 reapers
  5 ironheart preservers
  2 ghouls
  An entropy weaver (Vaults:4)
  2 war gargoyles (Zig:21)
  A blood saint (Zig:24)
  A juggernaut zombie (Zig:21)
  4 stone giants
  A vampire knight (Dis:7)
  5 deep elf demonologists
  2 very ugly things
  5 halazid warlocks (Desolation)
  5 deep elf annihilators
  4 deep elf death magi (Elf:3)
  A merfolk javelineer (Zig:27)
  A green death (Pan)
  5 ragged hierophants (Desolation)
  An ice dragon (Zig:17)
  A rakshasa (Vaults:1)
  16 vault guards
  7 hydras
  A peacekeeper (Desolation)
  3 yaktaur captains (Vaults:5)
  4 great orbs of eyes
  3 naga warriors
  3 servants of whispers (Desolation)
  6 anacondas
  A ghost crab (shapeshifter) (Vaults:5)
  3 centaur warriors
  3 death knights
  3 death yaks (Lair:4)
  An alligator snapping turtle (Zig:23)
  2 dancing weapons
  A deep troll earth mage (Vaults:3)
  4 alligators
  9 ogre magi
  A soul eater (Dis:4)
  4 naga sharpshooters
  6 deep elf knights
  An iron golem (Hell)
  A titan skeleton (Pan)
  4 skeletal warriors
  3 deep trolls
  A salamander mystic (Snake:4)
  A shadow wraith (Zig:12)
  An unseen horror (Pan)
  A sea snake (shapeshifter) (Zig:18)
  6 swamp dragons (Swamp:4)
  A shadow demon (Tar:7)
  A glowing orange brain (Vaults:2)
  2 shambling mangroves (Swamp:4)
  10 ironbrand convokers
  A golden dragon skeleton (Dis:4)
  6 orc knights
  11 deep elf archers
  A lindwurm (Snake:4)
  4 naga ritualists
  A flayed ghost (Vaults:4)
  A harpy (Vaults:2)
  Pikel (D:7)
  A hill giant (Vaults:1)
  A harpy (shapeshifter) (Vaults:4)
  An iron dragon zombie (Zig:21)
  An orb spider (Zig:20)
  2 wolf spiders (Zig:27)
  A wizard (Vaults:2)
  3 mana vipers
  A fire giant zombie (Dis:4)
  10 ugly things
  22 deep elf magi
  3 shining eyes (Zig:27)
  A faun (shapeshifter) (Vaults:5)
  8 black mambas
  7 rust devils
  A fire giant skeleton (Pan)
  2 spriggan zombies
  A human zombie (Vaults:3)
  4 guardian serpents
  2 human skeletons (Vaults:4)
  3 naga magi
  7 vault sentinels
  5 eyes of devastation
  A stone giant skeleton (Vaults:3)
  An eye of devastation (shapeshifter) (Vaults:5)
  An apocalypse crab (Zig:18)
  A spiny frog (Lair:1)
  A smoke demon (Pan)
  3 freezing wraiths
  13 yaktaurs
  6 tormentors
  A demonic crawler (Pan)
  2 ice devils
  A yaktaur skeleton (Vaults:4)
  3 trolls
  7 hornets
  2 jumping spiders
  17 two-headed ogres
  A silent spectre (Tar:1)
  A tyrant leech (Swamp:3)
  47 slime creatures
  An ettin zombie (Dis:7)
  7 bog bodies
  18 saltlings
  4 dream sheep (Lair:6)
  6 blink frogs
  A ynoxinul (Zig:24)
  A shadow (Dis:4)
  A yak (shapeshifter) (Vaults:4)
  4 redbacks
  2 wraiths
  9 yaks
  An air elemental (Elf:1)
  A tarantella (Zig:20)
  A fire elemental (Elf:3)
  5 golden eyes (Slime:1)
  Menkaure (D:4)
  A basilisk (shapeshifter) (Vaults:3)
  A hungry ghost (D:11)
  A spriggan (Zig:27)
  A chaos spawn (Pan)
  2 wargs
  6 nagas
  Edmund (D:6)
  4 insubstantial wisps (Swamp:1)
  A floating eye (shapeshifter) (Vaults:4)
  5 orc warriors
  A hell hound (Hell)
  An ice beast (D:5)
  A black bear (shapeshifter) (Vaults:2)
  7 swamp drakes (Swamp:4)
  8 eyes of draining (Zig:27)
  2 elf zombies
  A manticore zombie (Dis:4)
  16 ogres
  A boggart (Vaults:2)
  5 wolves
  2 centaurs
  A bullfrog (D:13)
  A big kobold (D:7)
  A scorpion (D:6)
  A human simulacrum (Vaults:4)
  A bullfrog zombie (D:7)
  6 iron imps
  An orc priest (D:7)
  A centaur skeleton (D:5)
  An iguana (D:7)
  2 orc wizards
  A worker ant (D:11)
  A hound skeleton (D:7)
  4 mummies
  2 worker ant zombies (D:5)
  An adder (D:5)
  A shadow imp (Tar:1)
  A worm (D:5)
  12 orcs
  A kobold (D:7)
  A quokka (D:7)
  A bat (D:4)
  A giant cockroach zombie (D:5)
  A quokka zombie (D:5)
  6 blocks of ice
  A lurking horror (Abyss:5)
663 creatures vanquished.

Vanquished Creatures (others)
  An ancient lich (Tomb:3)
  A titan (Zig:26)
  A quicksilver dragon (Vaults:5)
  5 eldritch tentacles
  2 deep elf master archers
  An ancient champion (Tomb:2)
  A sphinx (Depths:4)
  A draconian annihilator (Zot:2)
  An ironheart preserver (Zig:14)
  3 stone giants
  A yaktaur captain (Vaults:5)
  A fire dragon (Depths:4)
  A hell hog (Geh:4)
  8 death scarabs
  A naga sharpshooter (Zig:18)
  A spriggan berserker (Depths:4)
  A skeletal warrior (Tar:7)
  A gelid demonspawn (Pan)
  A frost giant zombie (Geh:7)
  A stone giant skeleton (Geh:7)
  An elephant (shapeshifter) (Depths:4)
  A fire giant skeleton (Tomb:3)
  2 yaktaurs
  A hornet (Zig:25)
  4 slime creatures
  9 flying skulls
  An air elemental (Zig:22)
  A water elemental (Zig:25)
  A wraith (Geh:7)
  3 humans (D:12)
  A naga (Zig:15)
  A porcupine (Lair:5)
  3 slaves (D:7)
  A manticore zombie (Tomb:2)
  2 ball lightnings (Pan)
  An orc (Orc:2)
  A kobold zombie (Geh:2)
  2628 blocks of ice
  819 fire vortices
  7 fungi
  72 plants
  8 starspawn tentacles
  32 tentacles
3634 creatures vanquished.

Grand Total: 16281 creatures vanquished

Notes
Turn   | Place    | Note
-------+----------+-------------------------------------------
     0 | D:1      | Mefis the Deep Elf Ice Elementalist began the quest for the Orb.
     0 | D:1      | Reached XP level 1. HP: 10/10 MP: 6/6
   206 | D:1      | Reached XP level 2. HP: 15/15 MP: 3/8
   216 | D:1      | Learned a level 2 spell: Throw Frost
  1469 | D:2      | Reached XP level 3. HP: 19/19 MP: 2/10
  1475 | D:2      | Learned a level 3 spell: Ozocubu's Armour
  2372 | D:2      | Reached skill level 1 in Charms
  2372 | D:2      | Reached XP level 4. HP: 24/24 MP: 6/12
  2406 | D:2      | Learned a level 4 spell: Summon Ice Beast
  2424 | D:2      | Found a burning altar of Makhleb.
  3107 | D:3      | Reached XP level 5. HP: 25/28 MP: 13/13
  3476 | D:4      | Noticed Menkaure
  3559 | D:4      | Found an ancient bone altar of Kikubaaqudgha.
  3616 | D:4      | Reached skill level 1 in Summonings
  4162 | D:4      | Noticed an ogre
  4169 | D:4      | Killed an ogre
  4169 | D:4      | Reached XP level 6. HP: 32/32 MP: 6/14
  4336 | D:5      | Entered Level 5 of the Dungeon
  4369 | D:5      | Noticed an ice beast
  4394 | D:5      | Killed an ice beast
  4394 | D:5      | Reached skill level 1 in Evocations
  4505 | D:4      | Killed Menkaure
  5063 | D:5      | Reached XP level 7. HP: 36/36 MP: 16/16
  5098 | D:5      | Learned a level 4 spell: Throw Icicle
  5470 | D:5      | Noticed a troll
  5490 | D:5      | Killed a troll
  5490 | D:5      | Reached skill level 5 in Spellcasting
  5696 | D:5      | Found a staircase to the Ecumenical Temple.
  5707 | Temple   | Entered the Ecumenical Temple
  5780 | Temple   | Became a worshipper of Sif Muna the Loreminder
  6952 | D:6      | Found an opulent altar of Gozag.
  6963 | D:6      | Reached XP level 8. HP: 41/41 MP: 18/18
  7022 | D:6      | Noticed Sigmund
  7029 | D:6      | Killed Sigmund
  7119 | D:6      | Reached skill level 5 in Ice Magic
  7125 | D:6      | Reached * piety under Sif Muna
  7334 | D:6      | Reached skill level 5 in Dodging
  7334 | D:6      | Reached skill level 5 in Conjurations
  7395 | D:6      | Found a shadowy altar of Dithmenos.
  7494 | D:6      | Found a blossoming altar of Fedhas.
  7680 | D:6      | Reached skill level 5 in Summonings
  7874 | D:6      | Noticed Edmund
  7899 | D:6      | Killed Edmund
  8204 | D:6      | Found Siediec's Antique Weapon Boutique.
  8674 | D:7      | Noticed Prince Ribbit
  8675 | D:7      | Noticed Pikel
  8907 | D:7      | Found a sacrificial altar of Ru.
  9115 | D:7      | Found Xenommu's Antique Armour Boutique.
  9123 | D:7      | Bought a glowing cloak for 283 gold pieces
  9440 | D:7      | Reached skill level 5 in Charms
  9516 | D:7      | Reached XP level 9. HP: 45/45 MP: 18/20
  9776 | D:7      | Killed Pikel
  9776 | D:7      | Reached skill level 1 in Invocations
 10150 | D:7      | Killed Prince Ribbit
 10150 | D:7      | Reached ** piety under Sif Muna
 10889 | D:8      | Found a white marble altar of Elyvilon.
 10897 | D:8      | Learned a level 1 spell: Summon Butterflies
 10929 | D:8      | Found a staircase to the Lair.
 11474 | D:8      | Reached XP level 10. HP: 39/49 MP: 14/23
 11733 | D:9      | Reached *** piety under Sif Muna
 12740 | D:9      | Noticed Maurice
 12748 | D:9      | Killed Maurice
 13379 | D:10     | Entered Level 10 of the Dungeon
 13564 | D:10     | Identified the Papyrus of the Exiled Stars
 13570 | D:10     | Learned a level 3 spell: Regeneration
 13810 | D:10     | Reached skill level 5 in Evocations
 13906 | D:10     | Found a staircase to the Orcish Mines.
 14318 | D:10     | Noticed Erolcha
 14326 | D:10     | Killed Erolcha
 14326 | D:10     | Reached **** piety under Sif Muna
 14326 | D:10     | Reached skill level 1 in Necromancy
 14613 | D:10     | Reached XP level 11. HP: 48/53 MP: 26/26
 14964 | D:11     | Learned a level 2 spell: Swiftness
 14967 | D:11     | Learned a level 2 spell: Repel Missiles
 15132 | D:11     | Reached skill level 1 in Air Magic
 15283 | D:11     | Noticed a hill giant
 15287 | D:11     | Killed a hill giant
 15362 | D:11     | Noticed a hill giant
 15364 | D:11     | Killed a hill giant
 15578 | D:11     | Reached skill level 10 in Spellcasting
 15683 | D:11     | Noticed a hill giant
 15689 | D:11     | Killed a hill giant
 16236 | D:12     | Learned a level 3 spell: Spectral Weapon
 16242 | D:12     | Learned a level 5 spell: Lightning Bolt
 16242 | D:12     | Found a frozen archway.
 16248 | D:12     | Noticed an eight-headed hydra
 16255 | D:12     | Killed an eight-headed hydra
 16255 | D:12     | Reached ***** piety under Sif Muna
 16255 | D:12     | Identified Sif Muna's Guide on Ice and Summoning (Sif Muna gifted it to you on level 12 of the Dungeon)
 16255 | D:12     | Received a gift from Sif Muna
 16265 | IceCv    | Entered an ice cave
 16414 | IceCv    | Learned a level 4 spell: Ice Form
 17459 | IceCv    | Noticed a necromancer
 17461 | IceCv    | Killed a necromancer
 17746 | IceCv    | Reached XP level 12. HP: 58/58 MP: 24/28
 18011 | D:12     | Noticed Fannar
 18029 | D:12     | Killed Fannar
 18029 | D:12     | Reached skill level 5 in Invocations
 18262 | Lair:1   | Entered Level 1 of the Lair of Beasts
 18302 | Lair:1   | Learned a level 6 spell: Deflect Missiles
 18316 | Lair:1   | Learned a level 2 spell: Ensorcelled Hibernation
 18458 | Lair:1   | Noticed a four-headed hydra
 18463 | Lair:1   | Killed a four-headed hydra
 19449 | Lair:2   | Noticed Urug
 19477 | Lair:2   | Killed Urug
 20526 | Lair:2   | Got a warped long sword
 20527 | Lair:2   | Identified the +4 long sword of Gucofoegg {flame, +Fly Str+2} (You found it on level 2 of the Lair of Beasts)
 20758 | Lair:3   | Noticed Gastronok
 20865 | Lair:3   | Killed Gastronok
 20865 | Lair:3   | Reached skill level 5 in Air Magic
 21301 | Lair:3   | Got a brightly glowing hand axe
 21302 | Lair:3   | Identified the +6 hand axe of Hepliaklqana's Esteem {pain, rC+ rN+ Int+2} (You found it on level 3 of the Lair of Beasts)
 21321 | Lair:3   | Found a staircase to the Swamp.
 21547 | Lair:4   | Found a staircase to the Snake Pit.
 21640 | Lair:4   | Noticed a six-headed hydra
 21820 | Lair:4   | Killed a six-headed hydra
 21820 | Lair:4   | Reached XP level 13. HP: 63/63 MP: 26/31
 21956 | Lair:4   | Reached skill level 5 in Necromancy
 22178 | Lair:4   | Identified Biesteno's Volume of Congealing Venom (Sif Muna gifted it to you on level 4 of the Lair of Beasts)
 22178 | Lair:4   | Received a gift from Sif Muna
 22397 | Lair:4   | Reached skill level 10 in Charms
 22596 | Lair:4   | Learned a level 6 spell: Bolt of Cold
 23214 | Lair:5   | Noticed a dire elephant
 23227 | Lair:5   | Killed a dire elephant
 23254 | Lair:5   | Noticed a dire elephant
 23387 | Lair:5   | Killed a dire elephant
 23428 | Lair:5   | Reached skill level 10 in Ice Magic
 23699 | Lair:5   | Noticed Rupert
 23729 | Lair:5   | Paralysed by Rupert for 3 turns
 23732 | Lair:5   | Killed Rupert
 24555 | Lair:5   | Found a staircase to the Slime Pits.
 25039 | Lair:6   | Entered Level 6 of the Lair of Beasts
 25097 | Lair:6   | Reached XP level 14. HP: 68/68 MP: 14/33
 25815 | Lair:6   | Reached skill level 10 in Conjurations
 26878 | Lair:6   | Got a twitching copper amulet
 26880 | Lair:6   | Got a smoking morningstar
 26893 | Lair:6   | Identified the Reference Book on Execration and Conjuration
 26897 | Lair:6   | Identified the cursed +2 morningstar of the Onslaught {speed, rElec rPois rC+} (You found it on level 6 of the Lair of Beasts)
 27073 | Lair:6   | Identified the amulet "Eklyul" {Gourm rC- Dex+4 SInv} (You found it on level 6 of the Lair of Beasts)
 27523 | Lair:1   | Identified Sif Muna's Almanac of Darkness and Slavery (Sif Muna gifted it to you on level 1 of the Lair of Beasts)
 27523 | Lair:1   | Received a gift from Sif Muna
 27558 | Lair:1   | Learned a level 6 spell: Simulacrum
 27690 | D:12     | Noticed Kirke
 27692 | D:12     | Noticed Paps's ghost (journeyman TrFi)
 27696 | D:12     | Killed Kirke
 27715 | D:11     | Reached skill level 10 in Dodging
 28621 | D:12     | Killed Paps's ghost
 29221 | D:13     | Noticed Sonja
 29253 | D:13     | Found a blossoming altar of Fedhas.
 29331 | D:13     | Killed Sonja
 29397 | D:13     | Reached XP level 15. HP: 72/72 MP: 31/35
 29398 | D:13     | Noticed Snorg
 29405 | D:13     | Killed Snorg
 29492 | D:13     | Found a gate to the Vaults.
 29848 | D:13     | Noticed Nessos
 29922 | D:13     | Killed Nessos
 29922 | D:13     | Reached skill level 10 in Summonings
 30225 | D:13     | Found a portal to a secret trove of treasure.
 30854 | D:14     | Found Paodoski's Food Emporium.
 30870 | D:14     | Noticed a frost giant
 31771 | Orc:1    | Entered Level 1 of the Orcish Mines
 32376 | Orc:2    | Entered Level 2 of the Orcish Mines
 32525 | Orc:2    | Found Wyxeh's Jewellery Emporium.
 32525 | Orc:2    | Noticed an orc warlord
 32591 | Orc:1    | Killed an orc warlord
 33072 | Orc:2    | Found Baymeoc's Antique Weapon Shoppe.
 33328 | Orc:2    | Found Bokeriud's General Store.
 33351 | Orc:2    | Bought a scroll of fear for 42 gold pieces
 33355 | Orc:2    | Found Ivit's Antique Armour Emporium.
 33550 | Orc:2    | Bought an embroidered robe for 234 gold pieces
 33550 | Orc:2    | Bought a runed robe for 234 gold pieces
 33550 | Orc:2    | Bought a runed robe for 234 gold pieces
 33668 | Orc:2    | Found a staircase to the Elven Halls.
 34465 | D:6      | Bought a steaming falchion for 176 gold pieces
 34465 | D:6      | Bought an iridescent short sword for 176 gold pieces
 34465 | D:6      | Identified the cursed +1 falchion of Xyiddece {drain, +Blink} (You bought it in a shop on level 6 of the Dungeon)
 34467 | D:6      | Identified the +11 short sword of Linearity {pierce, +Fly rF+} (You bought it in a shop on level 6 of the Dungeon)
 34578 | Lair:1   | Learned a level 7 spell: Spellforged Servitor
 34647 | Snake:1  | Entered Level 1 of the Snake Pit
 34893 | Snake:1  | Reached skill level 15 in Spellcasting
 35132 | Snake:1  | Reached skill level 10 in Necromancy
 35244 | Snake:1  | Reached XP level 16. HP: 76/76 MP: 31/37
 35412 | Snake:1  | Identified Wiriprerr's Tome of Attacks (Sif Muna gifted it to you on level 1 of the Snake Pit)
 35412 | Snake:1  | Received a gift from Sif Muna
 36158 | Snake:2  | Noticed Frances
 36161 | Snake:2  | Killed Frances
 37327 | Snake:2  | Found a shimmering altar of Xom.
 39457 | Snake:3  | Noticed Aizul
 39464 | Snake:3  | Killed Aizul
 39921 | Snake:4  | Entered Level 4 of the Snake Pit
 40127 | Snake:4  | Identified Sif Muna's Disquisition on Helpful Earth (Sif Muna gifted it to you on level 4 of the Snake Pit)
 40127 | Snake:4  | Received a gift from Sif Muna
 40221 | Snake:4  | Reached XP level 17. HP: 60/80 MP: 31/38
 40319 | Snake:4  | Learned a level 7 spell: Orb of Destruction
 41946 | Snake:4  | Found Xoinuvo's Assorted Antiques.
 41956 | Snake:4  | Bought an encrusted spear for 280 gold pieces
 41956 | Snake:4  | Bought a scroll of fear for 122 gold pieces
 41956 | Snake:4  | Bought a translucent buckler for 332 gold pieces
 41956 | Snake:4  | Bought a scroll of fog for 70 gold pieces
 41956 | Snake:4  | Bought a scroll of teleportation for 105 gold pieces
 41963 | Snake:4  | Identified the +0 spear of Resourcefulness {antimagic, *Noise +Rage rF+ Dex+3} (You bought it in a shop on level 4 of the Snake Pit)
 41971 | Snake:4  | Identified the +0 buckler "Cesoz" {Int+4} (You bought it in a shop on level 4 of the Snake Pit)
 42414 | Snake:4  | Reached skill level 1 in Shields
 42788 | Snake:4  | Reached skill level 10 in Air Magic
 43109 | Snake:4  | Got a serpentine rune of Zot
 43359 | Lair:1   | Learned a level 7 spell: Summon Hydra
 43515 | Elf:1    | Entered Level 1 of the Elven Halls
 43821 | Elf:1    | Noticed Donald
 43832 | Elf:1    | Killed Donald
 44128 | Elf:1    | Noticed Nikola
 44255 | Elf:1    | Killed Nikola
 44545 | Elf:1    | Noticed Roxanne
 44842 | Elf:1    | Killed Roxanne
 44842 | Elf:1    | Reached XP level 18. HP: 85/85 MP: 15/40
 44845 | Elf:1    | Identified Roxanne's Disquisition on Earth (You took it off Roxanne on level 1 of the Elven Halls)
 45143 | Elf:1    | Found Monysecw's Distillery.
 45158 | Elf:1    | Bought a potion of agility for 68 gold pieces
 45158 | Elf:1    | Bought 2 potions of agility for 136 gold pieces
 45246 | Elf:1    | Identified Sif Muna's Incunabulum of Evil and Protection (Sif Muna gifted it to you on level 1 of the Elven Halls)
 45246 | Elf:1    | Received a gift from Sif Muna
 45343 | Elf:1    | Got a scorched trident
 45344 | Elf:1    | Identified the +11 trident of Plunder {pierce, Str+3 SInv Stlth-} (You found it on level 1 of the Elven Halls)
 45732 | Elf:1    | Got a pitted executioner's axe {flame}
 46031 | Elf:1    | Noticed a Brimstone Fiend
 46389 | Elf:2    | Found an ancient bone altar of Kikubaaqudgha.
 46466 | Elf:2    | Found a huge runed gate.
 46469 | Elf:2    | Found a huge runed gate.
 46469 | Elf:2    | Found a huge runed gate.
 46471 | Elf:2    | Found a huge runed gate.
 46471 | Elf:2    | Found a huge runed gate.
 46504 | Elf:2    | Found Wereff's Antique Weapon Boutique.
 46514 | Elf:2    | Found Danaofaydd's Assorted Antiques.
 46541 | Elf:2    | Bought a potion of resistance for 250 gold pieces
 46541 | Elf:2    | Bought a scroll of fog for 50 gold pieces
 47063 | Elf:3    | Entered Level 3 of the Elven Halls
 47643 | Elf:3    | Reached skill level 5 in Shields
 48480 | Lair:1   | Gained mutation: You are partially covered in yellow scales. (AC +2) [potion of mutation]
 48480 | Lair:1   | Gained mutation: You are somewhat resistant to further mutation. [potion of mutation]
 48480 | Lair:1   | Gained mutation: Your spells are a little harder to cast, but a little more powerful. [potion of mutation]
 48482 | Lair:1   | Lost mutation: Your spells are a little harder to cast, but a little more powerful. [potion of cure mutation]
 48482 | Lair:1   | Lost mutation: You are somewhat resistant to further mutation. [potion of cure mutation]
 48482 | Lair:1   | Lost mutation: You are partially covered in yellow scales. (AC +2) [potion of cure mutation]
 48503 | Lair:1   | Learned a level 8 spell: Infestation
 49153 | Elf:3    | Noticed an Ice Fiend
 49447 | Elf:3    | Reached XP level 19. HP: 65/89 MP: 33/41
 49650 | Elf:3    | HP: 3/89 [deep elf high priest/damnation (28)]
 50006 | Elf:3    | Reached skill level 15 in Charms
 50182 | Elf:3    | Got a serpentine platinum ring
 50203 | Elf:3    | Identified the Papyrus of Creation
 50361 | Elf:3    | Got a steaming ruby amulet
 50382 | Elf:3    | Identified Sif Muna's Guide on Unholy Rituals and Toxins
 50426 | Elf:3    | Identified the ring "Koash" {*Tele rPois} (You took it off a deep elf blademaster on level 3 of the Elven Halls)
 50431 | Elf:3    | Identified the amulet "Vexoifos" {Faith Dex+2} (You took it off a deep elf annihilator on level 3 of the Elven Halls)
 50507 | Elf:3    | Got a steaming glaive {venom}
 51083 | Elf:3    | Identified Kikubaaqudgha's Reference Book on Unholy Secrets
 51117 | Elf:3    | Gained mutation: You have very sharp teeth. [potion of beneficial mutation]
 51824 | Elf:2    | Reached skill level 15 in Necromancy
 52834 | Elf:2    | Identified Sif Muna's Compendium of Unholy Secrets and Beguiling (Sif Muna gifted it to you on level 2 of the Elven Halls)
 52834 | Elf:2    | Received a gift from Sif Muna
 52846 | Elf:2    | Learned a level 8 spell: Death's Door
 53897 | Swamp:1  | Entered Level 1 of the Swamp
 56996 | Swamp:3  | Reached XP level 20. HP: 94/94 MP: 36/43
 57942 | Swamp:3  | Found an iron altar of Okawaru.
 58063 | Swamp:4  | Entered Level 4 of the Swamp
 58636 | Swamp:4  | Identified Sif Muna's Guide on the Damaging Entourage (Sif Muna gifted it to you on level 4 of the Swamp)
 58636 | Swamp:4  | Received a gift from Sif Muna
 59877 | Swamp:4  | Got a decaying rune of Zot
 60774 | D:15     | Entered Level 15 of the Dungeon
 61669 | D:15     | Got a translucent long sword
 62256 | D:15     | Found a staircase to the Depths.
 63254 | D:13     | You paid a toll of 9 potions of agility to enter a treasure trove
 63255 | Trove    | Entered a treasure trove
 63371 | Trove    | Identified Sif Muna's Volume of Hurtful Self-Improvement
 63374 | Trove    | Identified the Incunabulum of Glacial Combat Magic
 63411 | Trove    | Identified Sif Muna's Incunabulum of Attacks
 63414 | Trove    | Identified the Volume of Confrontation and the Birds
 63420 | Trove    | Identified Sif Muna's Handbook of Dark Envenoming
 63438 | Trove    | Learned a level 2 spell: Shroud of Golubria
 63745 | Vaults:1 | Entered Level 1 of the Vaults
 63869 | Lair:1   | Learned a level 3 spell: Ozocubu's Armour
 64132 | Lair:1   | Learned a level 2 spell: Blink
 64784 | Vaults:1 | Reached skill level 15 in Ice Magic
 66981 | Vaults:1 | Reached skill level 15 in Conjurations
 67749 | Vaults:2 | Reached XP level 21. HP: 98/98 MP: 15/45
 68527 | Vaults:2 | Identified Sif Muna's Disquisition on Damaging Fire (Sif Muna gifted it to you on level 2 of the Vaults)
 68527 | Vaults:2 | Received a gift from Sif Muna
 70411 | Vaults:3 | Noticed Jory
 70428 | Vaults:3 | Killed Jory
 70772 | Vaults:3 | Found a staircase to the Crypt.
 70772 | Vaults:3 | Found a basalt altar of Yredelemnul.
 70773 | Vaults:3 | Found an ancient bone altar of Kikubaaqudgha.
 70943 | Vaults:3 | Identified Sif Muna's Handbook of Evil and Beguiling (Sif Muna gifted it to you on level 3 of the Vaults)
 70943 | Vaults:3 | Received a gift from Sif Muna
 71618 | Vaults:3 | Identified the Grimoire of Spatial Weightlessness
 71875 | Vaults:3 | Identified a scroll of acquirement
 72379 | Vaults:4 | Noticed Mennas
 72393 | Vaults:4 | Killed Mennas
 72570 | Vaults:4 | Found a ruined gateway.
 72588 | Desolati | Entered the Desolation of Salt
 72644 | Desolati | Received a gift from Sif Muna
 72946 | Desolati | Identified the Collected Works on the Warped Rocks
 73259 | Desolati | Got a sparkling pewter amulet
 73261 | Desolati | Identified the amulet "Safar" {Regen+ MP+9 Int+2} (You found it in the Desolation of Salt)
 73265 | Desolati | Identified the Volume of Air and the Traveller
 73270 | Desolati | Identified Icethros's Grimoire of Confrontation and Malediction
 73732 | Desolati | Identified the Volume of the Scribe
 73970 | Desolati | Got a jewelled flail
 73971 | Desolati | Identified the +1 flail "Ymiziuh Rati" {pain, Int+2 Dex+2} (You found it in the Desolation of Salt)
 74176 | Vaults:4 | Reached XP level 22. HP: 59/103 MP: 46/46
 76364 | Vaults:5 | Entered Level 5 of the Vaults
 76419 | Vaults:5 | Reached skill level 15 in Dodging
 77339 | Vaults:5 | Noticed a golden dragon
 77344 | Vaults:5 | Killed a golden dragon
 77460 | Vaults:5 | Paralysed by a sphinx for 6 turns
 78593 | Vaults:5 | Got a silver rune of Zot
 78741 | Vaults:5 | Noticed a golden dragon
 78746 | Vaults:5 | Killed a golden dragon
 78746 | Vaults:5 | Reached XP level 23. HP: 99/107 MP: 35/48
 78748 | Vaults:5 | Identified Sif Muna's Guide on Assistive Evil Secrets (Sif Muna gifted it to you on level 5 of the Vaults)
 78748 | Vaults:5 | Received a gift from Sif Muna
 79196 | Vaults:5 | Identified Acwuagul's Handbook of Gliding Beguiling
 80090 | Lair:1   | Learned a level 6 spell: Freezing Cloud
 80109 | Lair:1   | Learned a level 5 spell: Metabolic Englaciation
 80221 | Slime:1  | Entered Level 1 of the Pits of Slime
 80708 | Slime:1  | Gained mutation: You expend magic power (3 MP) to strengthen your wands. [a shining eye]
 85090 | Slime:4  | Gained mutation: You are frail. (-10% HP) [a shining eye]
 85094 | Slime:4  | Gained mutation: You are clumsy. (Dex -2) [a shining eye]
 85864 | Slime:5  | Entered Level 5 of the Pits of Slime
 86226 | Slime:5  | Reached skill level 10 in Shields
 86231 | Slime:5  | Noticed the Royal Jelly
 86244 | Slime:5  | Gained mutation: Armour fits poorly on your strangely shaped body. [a shining eye]
 86416 | Lair:1   | Learned a level 9 spell: Glaciate
 86425 | Lair:1   | Learned a level 7 spell: Haunt
 86428 | Lair:1   | Lost mutation: Armour fits poorly on your strangely shaped body. [potion of cure mutation]
 86428 | Lair:1   | Lost mutation: You expend magic power (3 MP) to strengthen your wands. [potion of cure mutation]
 86428 | Lair:1   | Lost mutation: You are clumsy. (Dex -2) [potion of cure mutation]
 86428 | Lair:1   | Lost mutation: You are frail. (-10% HP) [potion of cure mutation]
 87184 | Slime:4  | Gained mutation: You tend to lose your temper in combat. [a shining eye]
 87351 | Slime:5  | Killed the Royal Jelly
 87951 | Slime:5  | Identified the Handbook of Fire and the Traveller
 88021 | Slime:5  | Got a slimy rune of Zot
 88029 | Slime:5  | Gained mutation: Your flesh is heat resistant. (rF+) [a shining eye]
 88183 | Slime:5  | Got an ancient war axe
 88184 | Slime:5  | Identified the +5 war axe of Etwu {freeze, rElec rF+} (You found it on level 5 of the Pits of Slime)
 88436 | Lair:1   | Learned a level 1 spell: Sandblast
 88473 | Lair:1   | Lost mutation: You tend to lose your temper in combat. [potion of cure mutation]
 88680 | Depths:1 | Entered Level 1 of the Depths
 88847 | D:15     | Reached skill level 1 in Earth Magic
 88847 | D:15     | Reached XP level 24. HP: 108/112 MP: 40/49
 89687 | Depths:1 | Reached skill level 10 in Invocations
 90860 | Depths:1 | Found a gateway to Hell.
 91272 | Depths:1 | Found a one-way gate leading to the halls of Pandemonium.
 91608 | Depths:2 | Received a gift from Sif Muna
 91770 | Depths:2 | Reached skill level 5 in Earth Magic
 92501 | Depths:2 | Noticed the Enchantress
 92504 | Depths:2 | Killed the Enchantress
 92603 | Depths:2 | Got faerie dragon scales
 93036 | Depths:2 | Found Ytogiwul's Gadget Shop.
 93036 | Depths:2 | Found Suotim's Jewellery Emporium.
 93037 | Depths:2 | Found Selunny's Jewellery Emporium.
 93045 | Depths:2 | Bought the amulet "Voxzu" {Reflect rPois Dex+4 SH+4} for 847 gold pieces
 93425 | Depths:2 | Received a gift from Sif Muna
 93845 | Depths:2 | Reached XP level 25. HP: 113/116 MP: 4/49
 94416 | Depths:3 | Noticed Saint Roka
 94424 | Depths:3 | Noticed Mara
 94425 | Depths:3 | Killed Saint Roka
 94531 | Depths:3 | Noticed Mefis's illusion
 94533 | Depths:3 | Killed Mara
 95129 | Lair:1   | Learned a level 8 spell: Lehudib's Crystal Spear
 95152 | Lair:1   | Learned a level 6 spell: Deflect Missiles
 95445 | Lair:1   | Learned a level 2 spell: Passwall
 95868 | Depths:3 | Reached skill level 1 in Transmutations
 96022 | Depths:3 | Reached skill level 1 in Translocations
 96026 | Depths:3 | Noticed a juggernaut
 96267 | Depths:2 | Killed a juggernaut
 97202 | Depths:3 | Found a gateway to a ziggurat.
 97364 | Depths:3 | Identified Wosh's Tome of Creative Snow (Sif Muna gifted it to you on level 3 of the Depths)
 97364 | Depths:3 | Received a gift from Sif Muna
 98598 | Depths:4 | Reached skill level 5 in Translocations
 99729 | Depths:4 | Reached XP level 26. HP: 120/120 MP: 36/50
 99745 | Depths:4 | Noticed Sojobo
 99775 | Depths:4 | Killed Sojobo
100331 | Depths:4 | Reached skill level 5 in Transmutations
100363 | Depths:4 | Identified Sif Muna's Volume of Floating Moulding (Sif Muna gifted it to you on level 4 of the Depths)
100363 | Depths:4 | Received a gift from Sif Muna
102206 | Depths:4 | Reached skill level 10 in Earth Magic
102363 | Depths:4 | Found a corrupted altar of Lugonu.
102363 | Depths:4 | Found a one-way gate to the infinite horrors of the Abyss.
102957 | Depths:4 | Received a gift from Sif Muna
103645 | Depths:5 | Entered Level 5 of the Depths
105566 | Depths:5 | Reached XP level 27. HP: 124/124 MP: 37/51
105799 | Depths:5 | Identified Sif Muna's Guide on Supportive Conjuration (Sif Muna gifted it to you on level 5 of the Depths)
105799 | Depths:5 | Received a gift from Sif Muna
106454 | Depths:5 | Reached skill level 10 in Translocations
106774 | Depths:5 | Found a gate to the Realm of Zot.
106775 | Depths:5 | Found a stormy altar of Qazlal.
106872 | Depths:5 | Identified Senoez's Handbook of the Entourage
107294 | Zot:1    | Entered Level 1 of the Realm of Zot
107333 | Zot:1    | Noticed an orb of fire
107334 | Zot:1    | Gained mutation: Scrolls take you a little longer to read. [an orb of fire]
107335 | Zot:1    | Killed an orb of fire
109359 | Depths:4 | Identified Sif Muna's Tome of Augmentations and Poison (Sif Muna gifted it to you on level 4 of the Depths)
109359 | Depths:4 | Received a gift from Sif Muna
110066 | D:14     | Bought a beef jerky for 21 gold pieces
110066 | D:14     | Bought a royal jelly for 28 gold pieces
110066 | D:14     | Bought a meat ration for 70 gold pieces
110066 | D:14     | Bought a meat ration for 70 gold pieces
110066 | D:14     | Bought a meat ration for 70 gold pieces
110066 | D:14     | Bought a slice of pizza for 21 gold pieces
110066 | D:14     | Bought a beef jerky for 21 gold pieces
111564 | Snake:4  | Bought a glowing troll leather armour for 735 gold pieces
111592 | Snake:4  | Got a translucent leather armour
111603 | Snake:4  | Identified the +1 leather armour "Meex" {rElec rPois Str-3 Int+8} (You found it on level 4 of the Snake Pit)
111682 | Snake:4  | Got a tattered robe
111693 | Snake:4  | Identified the +0 robe of Untold Secrets {Slay+3} (You found it on level 4 of the Snake Pit)
111964 | D:5      | Got an encrusted leather armour
111975 | D:5      | Identified the +2 leather armour of the Rabble {Str+3} (You found it on level 5 of the Dungeon)
112371 | Depths:5 | Got a translucent dagger {holy}
112372 | Depths:5 | Identified the +3 dagger "Enis" {holy, rN+} (You took it off a red draconian on level 5 of the Depths)
112781 | Vaults:5 | Got a warped hand crossbow
112782 | Vaults:5 | Identified the +6 hand crossbow "Grim" {velocity, rElec rN+ MR+} (You found it on level 5 of the Vaults)
113946 | Zot:1    | Reached skill level 1 in Armour
115687 | Zot:2    | Identified Sif Muna's Disquisition on Supportive Self-Improvement (Sif Muna gifted it to you on level 2 of the Realm of Zot)
115687 | Zot:2    | Received a gift from Sif Muna
116910 | Zot:3    | Reached skill level 10 in Transmutations
118038 | Zot:4    | Reached skill level 5 in Armour
119630 | Lair:1   | Learned a level 8 spell: Necromutation
119895 | Crypt:1  | Entered Level 1 of the Crypt
121840 | Crypt:1  | Identified the Tome of Transmutation and Darkness
122602 | Crypt:1  | Noticed a greater mummy
122608 | Crypt:1  | Killed a greater mummy
122638 | Crypt:1  | Got a pair of heavily runed gloves
122649 | Crypt:1  | Identified the +2 pair of gloves of Vexation {Str+5} (You found it on level 1 of the Crypt)
123214 | Crypt:2  | Identified Sif Muna's Volume of Battle Magic (Sif Muna gifted it to you on level 2 of the Crypt)
123214 | Crypt:2  | Received a gift from Sif Muna
125058 | Crypt:2  | Got a pitted copper ring
125549 | Crypt:2  | Got a bloodstained mace {flame}
125550 | Crypt:2  | Identified the +8 mace "Impslayer" {flame, *Slow rElec rC+} (You took it off a deep elf death mage on level 2 of the Crypt)
126292 | Crypt:2  | Identified the ring of Neurosis {rF+ Int+2} (You found it on level 2 of the Crypt)
126317 | Crypt:3  | Entered Level 3 of the Crypt
127454 | Crypt:3  | Reached skill level 15 in Translocations
128212 | Crypt:3  | Found a basalt altar of Yredelemnul.
128215 | Crypt:3  | Found an ancient bone altar of Kikubaaqudgha.
128237 | Crypt:3  | Reached skill level 10 in Evocations
128805 | Crypt:3  | Found a staircase to the Tomb.
128885 | Crypt:3  | Received a gift from Sif Muna
129091 | Tomb:1   | Entered Level 1 of the Tomb of the Ancients
129762 | Tomb:1   | Noticed a greater mummy
129795 | Tomb:1   | Killed a greater mummy
130156 | Tomb:1   | Noticed a greater mummy
130163 | Tomb:1   | Killed a greater mummy
130682 | Tomb:2   | Noticed a greater mummy
130682 | Tomb:2   | Noticed a greater mummy
130683 | Tomb:2   | Noticed a greater mummy
130683 | Tomb:2   | Noticed a greater mummy
130688 | Tomb:2   | Killed a greater mummy
130688 | Tomb:2   | Killed a greater mummy
130692 | Tomb:2   | Killed a greater mummy
130693 | Tomb:2   | Killed a greater mummy
130808 | Tomb:2   | Identified Sif Muna's Catalogue of the Rocks and Attacks (Sif Muna gifted it to you on level 2 of the Tomb of the Ancients)
130808 | Tomb:2   | Received a gift from Sif Muna
131408 | Tomb:1   | Noticed a greater mummy
131408 | Tomb:1   | Noticed a greater mummy
131410 | Tomb:1   | Noticed a greater mummy
131412 | Tomb:1   | Noticed a greater mummy
131413 | Tomb:1   | Noticed a greater mummy
131413 | Tomb:1   | Noticed a greater mummy
131414 | Tomb:1   | Noticed a greater mummy
131416 | Tomb:1   | Killed a greater mummy
131419 | Tomb:1   | Killed a greater mummy
131422 | Tomb:1   | Killed a greater mummy
131422 | Tomb:1   | Killed a greater mummy
131424 | Tomb:1   | Killed a greater mummy
131424 | Tomb:1   | Reached skill level 10 in Armour
131424 | Tomb:1   | Killed a greater mummy
131467 | Tomb:1   | Killed a greater mummy
131610 | Tomb:1   | Noticed a greater mummy
131620 | Tomb:1   | Killed a greater mummy
131708 | Tomb:1   | Noticed a greater mummy
131713 | Tomb:1   | Killed a greater mummy
131715 | Tomb:1   | Noticed a greater mummy
131731 | Tomb:1   | Noticed a greater mummy
131738 | Tomb:1   | Killed a greater mummy
131743 | Tomb:1   | Killed a greater mummy
131744 | Tomb:1   | Noticed a greater mummy
131755 | Tomb:1   | Killed a greater mummy
132035 | Tomb:1   | Noticed a greater mummy
132038 | Tomb:1   | Noticed a greater mummy
132040 | Tomb:1   | Noticed a greater mummy
132041 | Tomb:1   | Noticed a greater mummy
132042 | Tomb:1   | Noticed a greater mummy
132043 | Tomb:1   | Killed a greater mummy
132050 | Tomb:1   | Killed a greater mummy
132050 | Tomb:1   | Killed a greater mummy
132050 | Tomb:1   | Received a gift from Sif Muna
132072 | Tomb:1   | Killed a greater mummy
132080 | Tomb:1   | Killed a greater mummy
132081 | Tomb:1   | Noticed a greater mummy
132084 | Tomb:1   | Noticed a greater mummy
132090 | Tomb:1   | Killed a greater mummy
132092 | Tomb:1   | Killed a greater mummy
132290 | Tomb:1   | Noticed a greater mummy
132296 | Tomb:1   | Killed a greater mummy
132337 | Tomb:1   | Noticed a greater mummy
132359 | Tomb:1   | Killed a greater mummy
132521 | Tomb:1   | Noticed a greater mummy
132522 | Tomb:1   | Noticed a greater mummy
132536 | Tomb:1   | Killed a greater mummy
132541 | Tomb:1   | Killed a greater mummy
133074 | Tomb:3   | Entered Level 3 of the Tomb of the Ancients
133087 | Tomb:3   | Noticed an ancient lich
133088 | Tomb:3   | Noticed a greater mummy
133094 | Tomb:3   | Noticed a greater mummy
133098 | Tomb:3   | Killed an ancient lich
133291 | Tomb:3   | Noticed a greater mummy
133293 | Tomb:3   | Killed a greater mummy
133294 | Tomb:3   | Killed a greater mummy
133294 | Tomb:3   | Identified Syelaxet's Disquisition on Dislocated Self-Improvement (Sif Muna gifted it to you on level 3 of the Tomb of the Ancients)
133294 | Tomb:3   | Received a gift from Sif Muna
133302 | Tomb:3   | Killed a greater mummy
133632 | Tomb:3   | Reached skill level 15 in Earth Magic
133787 | Tomb:3   | Noticed a greater mummy
133795 | Tomb:3   | Killed a greater mummy
133865 | Tomb:3   | Noticed a greater mummy
133867 | Tomb:3   | Noticed a greater mummy
133870 | Tomb:3   | Noticed a greater mummy
133871 | Tomb:3   | Killed a greater mummy
133876 | Tomb:3   | Killed a greater mummy
133878 | Tomb:3   | Killed a greater mummy
133878 | Tomb:3   | Identified Sif Muna's Guide on Companions and Talismans (Sif Muna gifted it to you on level 3 of the Tomb of the Ancients)
133878 | Tomb:3   | Received a gift from Sif Muna
133907 | Tomb:3   | Noticed a greater mummy
133915 | Tomb:3   | Killed a greater mummy
133955 | Tomb:3   | Learned a level 8 spell: Chain Lightning
135592 | Tomb:3   | Got a slimy pewter ring
135593 | Tomb:3   | Identified the Guide on Spatial Transformation
135600 | Tomb:3   | Got a bound jade ring
135737 | Tomb:3   | Identified the ring "Hitaam" {rF+ rC+ Int+2 Dex+4 Slay-3} (You found it on level 3 of the Tomb of the Ancients)
135739 | Tomb:3   | Identified the ring "Ezeug" {Fire rN+ Str-2 Dex+3 Stlth+} (You found it on level 3 of the Tomb of the Ancients)
135781 | Tomb:3   | Got a golden rune of Zot
135927 | Tomb:3   | Got an ebony flail
135936 | Tomb:3   | Got a smoking triple sword
135940 | Tomb:3   | Got a twisted flail
135943 | Tomb:3   | Identified the cursed +1 flail of Battle {antimagic, rC+ Str+3 Int+2} (You found it on level 3 of the Tomb of the Ancients)
135948 | Tomb:3   | Identified the cursed +1 flail of Gallantry {freeze, Dex+2} (You found it on level 3 of the Tomb of the Ancients)
135953 | Tomb:3   | Got a faintly glowing dagger
135958 | Tomb:3   | Got a pitted long sword
135959 | Tomb:3   | Identified the +7 dagger of Disgust {drain, SInv} (You found it on level 3 of the Tomb of the Ancients)
135960 | Tomb:3   | Identified the +3 long sword "Ruco" {holy, rN+ Str+5} (You found it on level 3 of the Tomb of the Ancients)
136756 | Lair:1   | Learned a level 8 spell: Controlled Blink
137208 | Hell     | Entered the Vestibule of Hell
137208 | Hell     | Noticed Geryon
137215 | Hell     | Killed Geryon
137313 | Hell     | Found a gateway to the decaying netherworld of Tartarus.
137357 | Hell     | Found a gateway to the ashen valley of Gehenna.
137468 | Hell     | Found a gateway to the Iron City of Dis.
137607 | Hell     | Found a gateway to the freezing wastes of Cocytus.
137804 | Geh:1    | Entered Level 1 of Gehenna
138537 | Geh:1    | Reached skill level 1 in Fighting
139158 | Geh:2    | Identified Hioves's Grimoire of Stones and Venom (Sif Muna gifted it to you on level 2 of Gehenna)
139158 | Geh:2    | Received a gift from Sif Muna
139314 | Geh:2    | Reached skill level 15 in Transmutations
140101 | Geh:2    | Identified Sif Muna's Almanac of Sinister Secrets and Changing (Sif Muna gifted it to you on level 2 of Gehenna)
140101 | Geh:2    | Received a gift from Sif Muna
140750 | Geh:3    | Reached skill level 15 in Summonings
141420 | Geh:3    | Identified Sif Muna's Compendium of Cloudy Combat Magic (Sif Muna gifted it to you on level 3 of Gehenna)
141420 | Geh:3    | Received a gift from Sif Muna
142430 | Geh:4    | Identified Sif Muna's Lost Secrets of the Arcane Arts (Sif Muna gifted it to you on level 4 of Gehenna)
142430 | Geh:4    | Received a gift from Sif Muna
143341 | Geh:4    | Reached skill level 5 in Fighting
143484 | Geh:5    | Identified Sif Muna's Compendium of Twisted Good Luck (Sif Muna gifted it to you on level 5 of Gehenna)
143484 | Geh:5    | Received a gift from Sif Muna
144551 | Geh:6    | Identified Pygauthrats's Handbook of Sinister Feathers (Sif Muna gifted it to you on level 6 of Gehenna)
144551 | Geh:6    | Received a gift from Sif Muna
144877 | Geh:6    | Reached skill level 15 in Evocations
145838 | Geh:7    | Entered Level 7 of Gehenna
146047 | Geh:7    | Identified Sif Muna's Collected Works on Harmful Translocation (Sif Muna gifted it to you on level 7 of Gehenna)
146047 | Geh:7    | Received a gift from Sif Muna
146140 | Geh:7    | Reached skill level 15 in Air Magic
147082 | Geh:7    | Identified Sif Muna's Collected Works on Fetching Ice (Sif Muna gifted it to you on level 7 of Gehenna)
147082 | Geh:7    | Received a gift from Sif Muna
147205 | Geh:7    | Got an iridescent war axe
147206 | Geh:7    | Identified the cursed +1 war axe of Kerecuargh {chop, rC+ MR+ Int-2} (You found it on level 7 of Gehenna)
148261 | Lair:1   | Lost mutation: Scrolls take you a little longer to read. [potion of cure mutation]
148261 | Lair:1   | Lost mutation: Your flesh is heat resistant. (rF+) [potion of cure mutation]
148994 | Geh:7    | Got a jewelled great sword
149031 | Geh:7    | Identified Sif Muna's Tome of the Assistive Compass (Sif Muna gifted it to you on level 7 of Gehenna)
149031 | Geh:7    | Received a gift from Sif Muna
149055 | Geh:7    | Noticed Asmodeus
149071 | Geh:7    | Killed Asmodeus
149213 | Geh:7    | Identified Sif Muna's Incunabulum of the Traveller and the Birds
149336 | Geh:7    | Identified the Volume of Quantum Transformation
149413 | Geh:7    | Got an obsidian rune of Zot
149778 | Tar:1    | Entered Level 1 of Tartarus
150049 | Tar:1    | Identified Ilushi's Reference Book on the Glacier (Sif Muna gifted it to you on level 1 of Tartarus)
150049 | Tar:1    | Received a gift from Sif Muna
151570 | Tar:2    | Identified Sif Muna's Papyrus of the Fifty Cities (Sif Muna gifted it to you on level 2 of Tartarus)
151570 | Tar:2    | Received a gift from Sif Muna
152665 | Tar:2    | Identified Sif Muna's Catalogue of Confrontation (Sif Muna gifted it to you on level 2 of Tartarus)
152665 | Tar:2    | Received a gift from Sif Muna
153420 | Tar:3    | Identified Sif Muna's Volume of Boosting Dislocation (Sif Muna gifted it to you on level 3 of Tartarus)
153420 | Tar:3    | Received a gift from Sif Muna
154742 | Tar:3    | Identified Sif Muna's Volume of the Escort (Sif Muna gifted it to you on level 3 of Tartarus)
154742 | Tar:3    | Received a gift from Sif Muna
155914 | Tar:4    | Identified Sif Muna's Papyrus of Attacks (Sif Muna gifted it to you on level 4 of Tartarus)
155914 | Tar:4    | Received a gift from Sif Muna
156287 | Tar:4    | Reached skill level 10 in Fighting
157049 | Tar:5    | Identified Omajer's Catalogue of Enthralling Companions (Sif Muna gifted it to you on level 5 of Tartarus)
157049 | Tar:5    | Received a gift from Sif Muna
157938 | Tar:5    | Identified Sif Muna's Compendium of Conjuration (Sif Muna gifted it to you on level 5 of Tartarus)
157938 | Tar:5    | Received a gift from Sif Muna
158939 | Tar:6    | Identified Sif Muna's Compendium of the Voyage and Arcane Weapons (Sif Muna gifted it to you on level 6 of Tartarus)
158939 | Tar:6    | Received a gift from Sif Muna
159482 | Tar:6    | Reached ****** piety under Sif Muna
159633 | Tar:7    | Entered Level 7 of Tartarus
159862 | Tar:7    | Identified Sif Muna's Reference Book on Destructive Feathers (Sif Muna gifted it to you on level 7 of Tartarus)
159862 | Tar:7    | Received a gift from Sif Muna
160825 | Tar:7    | Identified Luomium's Papyrus of Frigorific Malediction (Sif Muna gifted it to you on level 7 of Tartarus)
160825 | Tar:7    | Received a gift from Sif Muna
161270 | Tar:7    | Noticed Ereshkigal
161336 | Tar:7    | Killed Ereshkigal
161360 | Tar:7    | Got a thick robe
161441 | Tar:7    | Identified Plog's Grimoire of the Displaced Frostbite (Sif Muna gifted it to you on level 7 of Tartarus)
161441 | Tar:7    | Received a gift from Sif Muna
161955 | Tar:7    | Noticed the Serpent of Hell
161963 | Tar:7    | Killed the Serpent of Hell
162075 | Tar:7    | Got a polished leather armour
162156 | Tar:7    | Got a pitted marble ring
162169 | Tar:7    | Identified the +1 robe of Gallantry {rN+ Int+2 Stlth+} (You found it on level 7 of Tartarus)
162246 | Tar:7    | Gained mutation: Your magical capacity is low. (-10% MP) [mutagenic glow]
162253 | Tar:7    | Identified the +2 leather armour of the Barber Surgeon {MP+9} (You found it on level 7 of Tartarus)
162266 | Tar:7    | Identified the ring of Sumus {Fire Str+3} (You found it on level 7 of Tartarus)
162272 | Tar:7    | Identified Jyirim's Collected Works on Freezing Conjuration
162278 | Tar:7    | Got a bone rune of Zot
162285 | Tar:7    | Learned a level 1 spell: Flame Tongue
162287 | Tar:7    | Got a smoking helmet
162299 | Tar:7    | Identified the cursed +0 helmet of Dim Light {Stlth+} (You found it on level 7 of Tartarus)
162315 | Tar:7    | Got a polished war axe
162316 | Tar:7    | Identified the +3 war axe "Vediu" {chop, Str+3} (You found it on level 7 of Tartarus)
162631 | Tar:7    | Reached skill level 1 in Fire Magic
162771 | Tar:7    | Identified Sif Muna's Reference Book on Attacks and the Escort (Sif Muna gifted it to you on level 7 of Tartarus)
162771 | Tar:7    | Received a gift from Sif Muna
163280 | Lair:1   | Learned a level 9 spell: Tornado
163547 | Dis:1    | Entered Level 1 of the Iron City of Dis
164098 | Dis:1    | Identified Vaofatt's Guide on the Entourage and Unholy Magic (Sif Muna gifted it to you on level 1 of the Iron City of Dis)
164098 | Dis:1    | Received a gift from Sif Muna
164351 | Dis:1    | Reached skill level 5 in Fire Magic
165399 | Dis:2    | Identified Sif Muna's Catalogue of Arcane Weapons and Unholy Rituals (Sif Muna gifted it to you on level 2 of the Iron City of Dis)
165399 | Dis:2    | Received a gift from Sif Muna
166364 | Dis:3    | Identified Sif Muna's Intricacies of Witchcraft (Sif Muna gifted it to you on level 3 of the Iron City of Dis)
166364 | Dis:3    | Received a gift from Sif Muna
167502 | Dis:4    | Learned a level 9 spell: Dragon's Call
167523 | Dis:4    | Identified Xiceluf's Tome of Flamy Augmentations (Sif Muna gifted it to you on level 4 of the Iron City of Dis)
167523 | Dis:4    | Received a gift from Sif Muna
169091 | Dis:5    | Identified Sif Muna's Disquisition on Lethal Transformation (Sif Muna gifted it to you on level 5 of the Iron City of Dis)
169091 | Dis:5    | Received a gift from Sif Muna
170290 | Dis:6    | Identified Sif Muna's Almanac of Mutagenic Contamination (Sif Muna gifted it to you on level 6 of the Iron City of Dis)
170290 | Dis:6    | Received a gift from Sif Muna
170753 | Dis:7    | Entered Level 7 of the Iron City of Dis
171400 | Dis:7    | Identified Sif Muna's Handbook of the Mountains and Evil Rituals (Sif Muna gifted it to you on level 7 of the Iron City of Dis)
171400 | Dis:7    | Received a gift from Sif Muna
171716 | Dis:7    | Reached skill level 27 in Ice Magic
171998 | Dis:7    | Identified Sif Muna's Grimoire of Unholy Changing (Sif Muna gifted it to you on level 7 of the Iron City of Dis)
171998 | Dis:7    | Received a gift from Sif Muna
172372 | Dis:7    | Noticed Dispater
172422 | Dis:7    | Killed Dispater
172487 | Dis:7    | Got an iron rune of Zot
172495 | Dis:7    | Got a dazzling war axe
172496 | Dis:7    | Identified the +6 war axe of Mutilation {vamp, rF+} (You found it on level 7 of the Iron City of Dis)
172945 | Lair:1   | Upgraded the game from 0.19.4-9-g45fd643 to 0.19.4-10-g532645f
172956 | Lair:1   | Learned a level 9 spell: Shatter
172961 | Lair:1   | Learned a level 4 spell: Leda's Liquefaction
173187 | Coc:1    | Entered Level 1 of Cocytus
173863 | Coc:1    | Identified Weumozeb's Tome of Orientation (Sif Muna gifted it to you on level 1 of Cocytus)
173863 | Coc:1    | Received a gift from Sif Muna
174956 | Coc:2    | Reached skill level 15 in Fighting
175324 | Coc:2    | Reached skill level 27 in Spellcasting
175671 | Coc:2    | Identified Sif Muna's Disquisition on Earth and Flames (Sif Muna gifted it to you on level 2 of Cocytus)
175671 | Coc:2    | Received a gift from Sif Muna
175957 | Coc:3    | Reached skill level 27 in Conjurations
177064 | Coc:3    | Identified Sif Muna's Handbook of Summoning and Black Secrets (Sif Muna gifted it to you on level 3 of Cocytus)
177064 | Coc:3    | Received a gift from Sif Muna
178608 | Coc:4    | Identified Sif Muna's Papyrus of Supportive Combat Magic (Sif Muna gifted it to you on level 4 of Cocytus)
178608 | Coc:4    | Received a gift from Sif Muna
180720 | Coc:6    | Identified Sif Muna's Papyrus of Flying Black Rites (Sif Muna gifted it to you on level 6 of Cocytus)
180720 | Coc:6    | Received a gift from Sif Muna
181965 | Coc:7    | Entered Level 7 of Cocytus
182121 | Coc:7    | Identified Gloorx Vloq's Reference Book on Dark Rites and Contamination (Sif Muna gifted it to you on level 7 of Cocytus)
182121 | Coc:7    | Received a gift from Sif Muna
183033 | Coc:7    | Noticed Antaeus
183084 | Coc:7    | Killed Antaeus
183128 | Coc:7    | Got a translucent copper ring
183129 | Coc:7    | Identified Ebaxoif's Grimoire of the Traveller
183145 | Coc:7    | Got an icy rune of Zot
183219 | Coc:7    | Identified the Tome of Bewitching Shape Shifting
183550 | Lair:1   | Identified the ring "Teizax" {Fire rN+} (You found it on level 7 of Cocytus)
184176 | Lair:1   | Learned a level 9 spell: Glaciate
184187 | Lair:1   | Learned a level 8 spell: Death's Door
184192 | Zig:1    | Entered Level 1 of a ziggurat
184277 | Zig:2    | Entered Level 2 of a ziggurat
184277 | Zig:2    | Noticed Oggemor the pandemonium lord
184283 | Zig:2    | Killed Oggemor the pandemonium lord
184309 | Zig:2    | Got a coiled iron amulet
184318 | Zig:2    | Identified the amulet of Kuqusocu {Gourm rC- Str+4} (You found it on level 2 of a ziggurat)
184325 | Zig:3    | Entered Level 3 of a ziggurat
184327 | Zig:3    | Noticed Udoqeizeku the pandemonium lord
184333 | Zig:3    | Killed Udoqeizeku the pandemonium lord
184510 | Zig:4    | Entered Level 4 of a ziggurat
184549 | Zig:5    | Entered Level 5 of a ziggurat
184599 | Zig:6    | Entered Level 6 of a ziggurat
184698 | Zig:7    | Entered Level 7 of a ziggurat
184704 | Zig:7    | Noticed Dogokir the pandemonium lord
184708 | Zig:7    | Killed Dogokir the pandemonium lord
184864 | Zig:8    | Entered Level 8 of a ziggurat
184928 | Zig:9    | Entered Level 9 of a ziggurat
185102 | Zig:10   | Entered Level 10 of a ziggurat
185169 | Zig:10   | Got a twitching ivory amulet
185176 | Zig:10   | Identified the amulet "Guduovur" {-Tele +Rage +Fly Str+9 Int+3} (You found it on level 10 of a ziggurat)
185191 | Zig:11   | Entered Level 11 of a ziggurat
185210 | Zig:11   | Noticed Kuvalear the pandemonium lord
185211 | Zig:11   | Noticed Roser the pandemonium lord
185218 | Zig:11   | Killed Roser the pandemonium lord
185221 | Zig:11   | Killed Kuvalear the pandemonium lord
185335 | Zig:11   | Got a faintly humming crystal plate armour
185362 | Zig:11   | Got a fine lapis lazuli ring
185364 | Zig:11   | Identified the ring "Ofemn" {Wiz rElec rC++ rN++ Str-5} (You acquired it on level 11 of a ziggurat)
185383 | Zig:12   | Entered Level 12 of a ziggurat
185435 | Zig:12   | Identified the Collected Works on Combat Magic and Venom
185472 | Zig:12   | Lost mutation: You have very sharp teeth. [potion of cure mutation]
185472 | Zig:12   | Lost mutation: Your magical capacity is low. (-10% MP) [potion of cure mutation]
185505 | Zig:12   | Got a translucent leather armour
185516 | Zig:12   | Identified the +1 leather armour "Ofoirov" {rElec} (You found it on level 12 of a ziggurat)
185530 | Zig:12   | Identified a +4 rod of ignition (12/12) (You found it on level 12 of a ziggurat)
185535 | Zig:12   | Identified the Almanac of Fire and Good Luck
185570 | Zig:13   | Entered Level 13 of a ziggurat
185580 | Zig:13   | Noticed a juggernaut
185583 | Zig:13   | Noticed a juggernaut
185586 | Zig:13   | Killed a juggernaut
185586 | Zig:13   | Identified Licauts's Volume of Slavery (Sif Muna gifted it to you on level 13 of a ziggurat)
185586 | Zig:13   | Received a gift from Sif Muna
185586 | Zig:13   | Killed a juggernaut
185657 | Zig:13   | Gained mutation: You are partially covered in large bone plates. (SH +4) [potion of beneficial mutation]
185676 | Zig:13   | Got a translucent short sword
185677 | Zig:13   | Identified the cursed +3 short sword of Youthful Indiscretion {freeze, Int+3} (You found it on level 13 of a ziggurat)
185684 | Zig:14   | Entered Level 14 of a ziggurat
185766 | Zig:14   | Gained mutation: You are agile. (Dex +2) [potion of beneficial mutation]
185848 | Zig:15   | Entered Level 15 of a ziggurat
185888 | Zig:15   | Identified the Compendium of Poisoning and Evil
185905 | Zig:15   | Got a twitching golden ring
185906 | Zig:15   | Identified the ring of Conformity {Ice Dex+4} (You found it on level 15 of a ziggurat)
185917 | Zig:15   | Identified Omerchim's Volume of Glacial Aid
185940 | Zig:16   | Entered Level 16 of a ziggurat
185966 | Zig:16   | Reached skill level 15 in Shields
186003 | Zig:16   | Identified the Papyrus of Good Luck and the Escort
186110 | Zig:17   | Entered Level 17 of a ziggurat
186175 | Zig:17   | Got a twisted spear
186176 | Zig:17   | Identified the +3 spear "Hulk" {flame, Str+5 Int+4 Dex-3} (You found it on level 17 of a ziggurat)
186180 | Zig:17   | Got a flickering copper ring
186182 | Zig:17   | Identified the ring of Urext {*Slow +Blink +Fly rC++ Int+3} (You found it on level 17 of a ziggurat)
186186 | Zig:17   | Identified the Handbook of Lethal Summoning
186209 | Zig:17   | Got an ancient rapier
186210 | Zig:17   | Identified the cursed +1 rapier of the Mind {venom, Fragile +Inv rPois Str+3} (You found it on level 17 of a ziggurat)
186262 | Zig:18   | Entered Level 18 of a ziggurat
186280 | Zig:18   | Identified Sif Muna's Volume of Arcane Weapons (Sif Muna gifted it to you on level 18 of a ziggurat)
186280 | Zig:18   | Received a gift from Sif Muna
186505 | Zig:19   | Entered Level 19 of a ziggurat
186524 | Zig:19   | Noticed an orb of fire
186525 | Zig:19   | Noticed an orb of fire
186525 | Zig:19   | Noticed an orb of fire
186526 | Zig:19   | Noticed an orb of fire
186527 | Zig:19   | Noticed an orb of fire
186529 | Zig:19   | Killed an orb of fire
186530 | Zig:19   | Killed an orb of fire
186531 | Zig:19   | Killed an orb of fire
186531 | Zig:19   | Killed an orb of fire
186531 | Zig:19   | Killed an orb of fire
186639 | Zig:20   | Entered Level 20 of a ziggurat
186659 | Zig:20   | Noticed an ancient lich
186663 | Zig:20   | Killed an ancient lich
186667 | Zig:20   | Identified Sif Muna's Handbook of Changing and Feathers (Sif Muna gifted it to you on level 20 of a ziggurat)
186667 | Zig:20   | Received a gift from Sif Muna
186668 | Zig:20   | Noticed an ancient lich
186680 | Zig:20   | Killed an ancient lich
186814 | Zig:20   | Got a crystal dire flail
186824 | Zig:20   | Got a crystal war axe
186825 | Zig:20   | Identified the +8 war axe of the Tomato {drain, *Noise Str+3 SInv} (You found it on level 20 of a ziggurat)
186843 | Zig:21   | Entered Level 21 of a ziggurat
186867 | Zig:21   | Noticed Ukhikhal the pandemonium lord
186885 | Zig:21   | Killed Ukhikhal the pandemonium lord
186934 | Zig:21   | Identified the Almanac of the Hawk
186941 | Zig:21   | Got a warped lapis lazuli ring
186943 | Zig:21   | Identified the ring "Qevenen" {Dex+4 Stlth-} (You found it on level 21 of a ziggurat)
187064 | Zig:22   | Entered Level 22 of a ziggurat
187086 | Zig:22   | Noticed an ancient lich
187086 | Zig:22   | Noticed an ancient lich
187088 | Zig:22   | Noticed an ancient lich
187089 | Zig:22   | Noticed an ancient lich
187091 | Zig:22   | Noticed an ancient lich
187094 | Zig:22   | Killed an ancient lich
187094 | Zig:22   | Killed an ancient lich
187098 | Zig:22   | Killed an ancient lich
187098 | Zig:22   | Identified Qufizy's Almanac of Creation and Attacks (Sif Muna gifted it to you on level 22 of a ziggurat)
187098 | Zig:22   | Received a gift from Sif Muna
187141 | Zig:22   | Killed an ancient lich
187150 | Zig:22   | Killed an ancient lich
187227 | Zig:22   | Identified the Incunabulum of Enhancements and Cold
187321 | Zig:22   | Got a coiled graven amulet
187323 | Zig:22   | Identified the amulet "Nausinor" {Reflect rN+ Str+4 SH+4} (You found it on level 22 of a ziggurat)
187331 | Zig:22   | Got an encrusted rapier
187332 | Zig:22   | Identified the +8 rapier "Buutown" {venom, rN+ Int+6} (You found it on level 22 of a ziggurat)
187343 | Zig:22   | Got a scorched long sword
187344 | Zig:22   | Identified the cursed +0 long sword of the Puffin {chaos, rElec rPois Int-4 Dex+3} (You found it on level 22 of a ziggurat)
187366 | Zig:23   | Entered Level 23 of a ziggurat
187389 | Zig:23   | Reached skill level 27 in Evocations
187451 | Zig:23   | Got a steaming bronze ring
187453 | Zig:23   | Identified the ring of Juish {rElec Str+5} (You found it on level 23 of a ziggurat)
187459 | Zig:23   | Got a slimy robe
187470 | Zig:23   | Identified the cursed +1 robe of Boidug {Int+3 Dex-2} (You found it on level 23 of a ziggurat)
187472 | Zig:23   | Got a transparent garnet amulet
187474 | Zig:23   | Identified the amulet "Omukkaem" {Harm *Drain Int+3 Dex+2} (You found it on level 23 of a ziggurat)
187482 | Zig:23   | Got a colourful robe
187483 | Zig:23   | Identified the Compendium of Ashen Fire
187497 | Zig:23   | Identified the +2 robe of Xom's Indignation {rPois Slay+2} (You found it on level 23 of a ziggurat)
187585 | Zig:24   | Entered Level 24 of a ziggurat
187629 | Zig:24   | Identified Buhi's Disquisition on the Destructive Escort (Sif Muna gifted it to you on level 24 of a ziggurat)
187629 | Zig:24   | Received a gift from Sif Muna
187697 | Zig:24   | Identified Molyguph's Handbook of Supportive Good Luck
187704 | Zig:24   | Got a twisted leather armour
187715 | Zig:24   | Identified the +2 leather armour of the Moon {MR- Int+8} (You found it on level 24 of a ziggurat)
187729 | Zig:24   | Identified the Tome of Glacial Bewitchment
187744 | Zig:24   | Identified the Guide on Battle Magic and Air
187747 | Zig:24   | Identified the Almanac of the Quantum Blaze
187753 | Zig:24   | Got an encrusted cloak
187764 | Zig:24   | Identified the cursed +0 cloak of Afoy {Str+2} (You found it on level 24 of a ziggurat)
187785 | Zig:25   | Entered Level 25 of a ziggurat
187940 | Zig:25   | Got a clouded bronze ring
187941 | Zig:25   | Identified the ring "Moczyhui" {-Tele rPois rF++ AC+3 Str+3} (You found it on level 25 of a ziggurat)
187967 | Zig:25   | Got a sheer robe
187978 | Zig:25   | Identified the +3 robe of an ice cave {rPois} (You found it on level 25 of a ziggurat)
187990 | Zig:25   | Got a translucent falchion
187991 | Zig:25   | Identified the +9 falchion of Arrival {protect, +Fly rC+ Dex+6} (You found it on level 25 of a ziggurat)
188016 | Zig:26   | Entered Level 26 of a ziggurat
188079 | Zig:26   | Identified Sif Muna's Thorough Guide to Rites and Rhymes (Sif Muna gifted it to you on level 26 of a ziggurat)
188079 | Zig:26   | Received a gift from Sif Muna
188147 | Zig:26   | Identified Nidog's Grimoire of Ice and Calling
188183 | Zig:26   | Got a vibrating amber ring
188184 | Zig:26   | Identified the ring "Pomau" {rPois Str+2 Slay+2 Stlth+} (You found it on level 26 of a ziggurat)
188291 | Zig:27   | Entered Level 27 of a ziggurat
188470 | Zig:27   | Got a transparent robe
188471 | Zig:27   | Identified the +4 robe of Zin's Condemnation {rC+} (You found it on level 27 of a ziggurat)
188473 | Zig:27   | Identified the Grimoire of Snow and Toxins
188476 | Zig:27   | Identified the Handbook of the Entrancing Escort
188490 | Zig:27   | Got a sparkling ruby amulet
188491 | Zig:27   | Identified the amulet of Seugh {Reflect *Corrode +Blink Int+6 SH+3 Stlth+} (You found it on level 27 of a ziggurat)
188510 | Zig:27   | Identified Juidiz's Volume of Calling and Venom
188514 | Zig:27   | Got an opal-studded ring mail
188525 | Zig:27   | Identified the cursed +1 ring mail "Ohimay" {*Contam rElec Regen+} (You found it on level 27 of a ziggurat)
188661 | Zig:1    | Entered Level 1 of a ziggurat
188703 | Zig:2    | Entered Level 2 of a ziggurat
188758 | Zig:3    | Entered Level 3 of a ziggurat
188808 | Zig:4    | Entered Level 4 of a ziggurat
188863 | Zig:5    | Entered Level 5 of a ziggurat
188867 | Zig:5    | Identified Sif Muna's Incunabulum of Companions and Stolen Souls (Sif Muna gifted it to you on level 5 of a ziggurat)
188867 | Zig:5    | Received a gift from Sif Muna
188967 | Zig:6    | Entered Level 6 of a ziggurat
189020 | Zig:7    | Entered Level 7 of a ziggurat
189121 | Zig:8    | Entered Level 8 of a ziggurat
189127 | Zig:8    | Noticed a juggernaut
189133 | Zig:8    | Killed a juggernaut
189155 | Zig:8    | Got a bound lapis lazuli ring
189157 | Zig:8    | Got a crude granite ring
189159 | Zig:8    | Identified the ring of Nisuco {Ice rN+ MR+ MP+9} (You found it on level 8 of a ziggurat)
189161 | Zig:8    | Identified the ring of Mysticism {rElec Str+5 Int+3 Dex+6} (You found it on level 8 of a ziggurat)
189188 | Zig:8    | Got a brightly glowing dagger
189189 | Zig:8    | Identified the +10 dagger of Sunlight {freeze, rF- MR+ Str+4 Dex+6} (You found it on level 8 of a ziggurat)
189200 | Zig:9    | Entered Level 9 of a ziggurat
189209 | Zig:9    | Noticed an ancient lich
189211 | Zig:9    | Killed an ancient lich
189268 | Zig:9    | Got a slimy dagger
189269 | Zig:9    | Identified the +6 dagger of Qeydiw {drain, Dex+2} (You found it on level 9 of a ziggurat)
189282 | Zig:9    | Gained mutation: You are partially covered in thin metallic scales. (AC +2) [potion of beneficial mutation]
189293 | Zig:10   | Entered Level 10 of a ziggurat
189300 | Zig:10   | Noticed an orb of fire
189301 | Zig:10   | Noticed an orb of fire
189302 | Zig:10   | Noticed an orb of fire
189305 | Zig:10   | Noticed an orb of fire
189305 | Zig:10   | Noticed an orb of fire
189305 | Zig:10   | Identified Sif Muna's Compendium of the Damaging Rocks (Sif Muna gifted it to you on level 10 of a ziggurat)
189305 | Zig:10   | Received a gift from Sif Muna
189306 | Zig:10   | Killed an orb of fire
189306 | Zig:10   | Killed an orb of fire
189307 | Zig:10   | Killed an orb of fire
189308 | Zig:10   | Killed an orb of fire
189308 | Zig:10   | Reached skill level 27 in Dodging
189309 | Zig:10   | Killed an orb of fire
189406 | Zig:11   | Entered Level 11 of a ziggurat
189446 | Zig:11   | Identified Sif Muna's Tome of Unstable Feathers
189451 | Zig:11   | Got a steaming diamond amulet
189453 | Zig:11   | Identified the amulet "Riss" {rElec rF+++ Regen+ MP+9 Int-4} (You found it on level 11 of a ziggurat)
189527 | Zig:12   | Entered Level 12 of a ziggurat
189579 | Zig:12   | Identified the Tome of Lightness
189614 | Zig:13   | Entered Level 13 of a ziggurat
189626 | Zig:13   | Identified Sif Muna's Handbook of Attacks (Sif Muna gifted it to you on level 13 of a ziggurat)
189626 | Zig:13   | Received a gift from Sif Muna
189720 | Zig:14   | Entered Level 14 of a ziggurat
189736 | Zig:14   | Noticed an ancient lich
189739 | Zig:14   | Killed an ancient lich
189781 | Zig:14   | Got a heavily runed copper ring
189782 | Zig:14   | Identified the ring "Zimp" {rElec Int+3 Dex-4 Stlth+} (You found it on level 14 of a ziggurat)
189814 | Zig:15   | Entered Level 15 of a ziggurat
189831 | Zig:15   | Identified Sif Muna's Volume of Dislocation and Battle Magic (Sif Muna gifted it to you on level 15 of a ziggurat)
189831 | Zig:15   | Received a gift from Sif Muna
189876 | Zig:15   | Got an ichor-stained leather armour
189887 | Zig:15   | Identified the +5 leather armour of Fuf Hubiob {rN+ MR+ Dex-3} (You found it on level 15 of a ziggurat)
189903 | Zig:15   | Got a scorched tin amulet
189904 | Zig:15   | Identified the amulet of Huileelo {Gourm MR+} (You found it on level 15 of a ziggurat)
189913 | Zig:15   | Got a transparent scale mail
189924 | Zig:15   | Identified the cursed +0 scale mail of Divine Compulsion {+Fly Slay+3} (You found it on level 15 of a ziggurat)
189947 | Zig:16   | Entered Level 16 of a ziggurat
189982 | Zig:16   | Reached skill level 27 in Summonings
189987 | Zig:16   | Reached skill level 27 in Earth Magic
190025 | Zig:16   | Got a dazzling long sword
190026 | Zig:16   | Identified the +8 long sword of Valour {drain, MP+9 Int-4 Dex+4 Stlth+} (You found it on level 16 of a ziggurat)
190031 | Zig:16   | Got a fine granite ring
190032 | Zig:16   | Identified the ring "Jeggiech" {rF+ rN+} (You found it on level 16 of a ziggurat)
190040 | Zig:16   | Got a wavering bronze ring
190041 | Zig:16   | Identified the ring "Rafiuhur" {rElec rC+ MR++ Str+5} (You found it on level 16 of a ziggurat)
190046 | Zig:16   | Got a twitching bone amulet
190047 | Zig:16   | Identified the amulet "Ophod" {Reflect rN+ SH+3} (You found it on level 16 of a ziggurat)
190051 | Zig:16   | Got a shimmering flail
190052 | Zig:16   | Identified the cursed +1 flail "Xuschol" {crush, rC+} (You found it on level 16 of a ziggurat)
190058 | Zig:16   | Identified the Guide on Creative Toxins
190069 | Zig:17   | Entered Level 17 of a ziggurat
190085 | Zig:17   | Identified Sif Muna's Grimoire of Ashen Orientation (Sif Muna gifted it to you on level 17 of a ziggurat)
190085 | Zig:17   | Received a gift from Sif Muna
190124 | Zig:17   | Reached skill level 10 in Fire Magic
190265 | Zig:17   | Identified Sif Muna's Disquisition on Vitriolic Calling
190282 | Zig:17   | Got a fine marble ring
190283 | Zig:17   | Identified the ring of Contentment {rF+ rC++ Int+2 Dex-5 Stlth+} (You found it on level 17 of a ziggurat)
190288 | Zig:17   | Got a twisted quick blade
190289 | Zig:17   | Identified the cursed +1 quick blade of Uncertain Death {freeze, Str+2 Int+4} (You found it on level 17 of a ziggurat)
190292 | Zig:17   | Got a transparent copper amulet
190293 | Zig:17   | Identified the amulet "Naleops" {rPois Regen+ Dex+2} (You found it on level 17 of a ziggurat)
190307 | Zig:18   | Entered Level 18 of a ziggurat
190325 | Zig:18   | Identified Sif Muna's Guide on Dusty Feathers (Sif Muna gifted it to you on level 18 of a ziggurat)
190325 | Zig:18   | Received a gift from Sif Muna
190368 | Zig:18   | Got a smoking golden ring
190369 | Zig:18   | Identified the ring of Meeqot {rF- Str+3 Int+4} (You found it on level 18 of a ziggurat)
190519 | Zig:19   | Entered Level 19 of a ziggurat
190559 | Zig:19   | Identified Mnoleg's Volume of Calling (Sif Muna gifted it to you on level 19 of a ziggurat)
190559 | Zig:19   | Received a gift from Sif Muna
190565 | Zig:19   | Reached skill level 15 in Fire Magic
190581 | Zig:19   | Reached skill level 27 in Fighting
190682 | Zig:19   | Got a crystal great sword
190683 | Zig:19   | Identified the +9 great sword of the Warrior-Mage {drain, rPois rC+ rN++} (You found it on level 19 of a ziggurat)
190709 | Zig:20   | Entered Level 20 of a ziggurat
190745 | Zig:20   | Reached skill level 15 in Invocations
190795 | Zig:20   | Gained mutation: You are somewhat resistant to further mutation. [potion of beneficial mutation]
190825 | Zig:20   | Identified Zosetyob's Tome of the Compass
190849 | Zig:20   | Got a scorched large shield
190860 | Zig:20   | Identified the +3 large shield "Posky" {rN+ Str+6} (You found it on level 20 of a ziggurat)
190878 | Zig:21   | Entered Level 21 of a ziggurat
190900 | Zig:21   | Identified Sif Muna's Grimoire of the Destructive Traveller (Sif Muna gifted it to you on level 21 of a ziggurat)
190900 | Zig:21   | Received a gift from Sif Muna
191036 | Zig:21   | Got a wizard robe
191037 | Zig:21   | Identified the cursed +1 robe of Uwied {MR+} (You found it on level 21 of a ziggurat)
191060 | Zig:21   | Got an ebony hand axe
191061 | Zig:21   | Identified the +6 hand axe "Ewovveah" {vamp, +Fly Int+4} (You found it on level 21 of a ziggurat)
191123 | Zig:22   | Entered Level 22 of a ziggurat
191144 | Zig:22   | Noticed a juggernaut
191147 | Zig:22   | Killed a juggernaut
191148 | Zig:22   | Noticed a juggernaut
191150 | Zig:22   | Killed a juggernaut
191224 | Zig:23   | Entered Level 23 of a ziggurat
191242 | Zig:23   | Noticed a greater mummy
191246 | Zig:23   | Killed a greater mummy
191255 | Zig:23   | Noticed a greater mummy
191256 | Zig:23   | Noticed a greater mummy
191257 | Zig:23   | Noticed a greater mummy
191258 | Zig:23   | Noticed a greater mummy
191259 | Zig:23   | Noticed a greater mummy
191260 | Zig:23   | Noticed a greater mummy
191260 | Zig:23   | Killed a greater mummy
191260 | Zig:23   | Killed a greater mummy
191262 | Zig:23   | Killed a greater mummy
191262 | Zig:23   | Killed a greater mummy
191262 | Zig:23   | Killed a greater mummy
191265 | Zig:23   | Noticed a greater mummy
191265 | Zig:23   | Noticed a greater mummy
191266 | Zig:23   | Killed a greater mummy
191267 | Zig:23   | Noticed a greater mummy
191268 | Zig:23   | Killed a greater mummy
191268 | Zig:23   | Killed a greater mummy
191269 | Zig:23   | Killed a greater mummy
191270 | Zig:23   | Noticed a greater mummy
191271 | Zig:23   | Noticed a greater mummy
191271 | Zig:23   | Noticed a greater mummy
191279 | Zig:23   | Killed a greater mummy
191280 | Zig:23   | Killed a greater mummy
191280 | Zig:23   | Killed a greater mummy
191294 | Zig:23   | Noticed a greater mummy
191296 | Zig:23   | Killed a greater mummy
191362 | Zig:23   | Got a warped diamond amulet
191363 | Zig:23   | Identified the amulet "Zoankic" {Inacc rPois} (You found it on level 23 of a ziggurat)
191386 | Zig:23   | Got a translucent diamond amulet
191387 | Zig:23   | Identified the amulet of Asug {Inacc +Inv +Fly MR- Str+5} (You found it on level 23 of a ziggurat)
191396 | Zig:24   | Entered Level 24 of a ziggurat
191425 | Zig:24   | Identified Sif Muna's Tome of Doomed Feathers (Sif Muna gifted it to you on level 24 of a ziggurat)
191425 | Zig:24   | Received a gift from Sif Muna
191494 | Zig:24   | Got a steaming spear
191495 | Zig:24   | Identified the cursed +1 spear of the Red Skies {venom, Str+2 Int-5 SInv} (You found it on level 24 of a ziggurat)
191552 | Zig:24   | Got a brightly glowing pewter ring
191560 | Zig:24   | Learned a level 5 spell: Fireball
191569 | Zig:25   | Entered Level 25 of a ziggurat
191621 | Zig:25   | Identified Yzxywuy's Disquisition on Shape Shifting and Confrontation (Sif Muna gifted it to you on level 25 of a ziggurat)
191621 | Zig:25   | Received a gift from Sif Muna
191661 | Zig:25   | Identified the ring of Siasane {rF+ rC+ Str+3 Int-5} (You found it on level 24 of a ziggurat)
191678 | Zig:25   | Learned a level 9 spell: Fire Storm
191680 | Zig:25   | Learned a level 1 spell: Apportation
191722 | Zig:25   | Got an ancient leather armour
191723 | Zig:25   | Identified the +2 leather armour "Nouciy Buyst" {Slay+6} (You found it on level 25 of a ziggurat)
191734 | Zig:25   | Got a crystal rapier
191735 | Zig:25   | Identified the +7 rapier of True Grit {vamp, rPois Dex+2} (You found it on level 25 of a ziggurat)
191757 | Zig:25   | Identified the Papyrus of the Supportive Rocks
191776 | Zig:26   | Entered Level 26 of a ziggurat
191801 | Zig:26   | Noticed an ancient lich
191802 | Zig:26   | Noticed an ancient lich
191803 | Zig:26   | Noticed an ancient lich
191804 | Zig:26   | Noticed an ancient lich
191806 | Zig:26   | Noticed an ancient lich
191806 | Zig:26   | Killed an ancient lich
191807 | Zig:26   | Identified Sif Muna's Guide on Mutagenic Conjuration (Sif Muna gifted it to you on level 26 of a ziggurat)
191807 | Zig:26   | Received a gift from Sif Muna
191807 | Zig:26   | Killed an ancient lich
191809 | Zig:26   | Noticed an ancient lich
191809 | Zig:26   | Killed an ancient lich
191810 | Zig:26   | Noticed an ancient lich
191813 | Zig:26   | Killed an ancient lich
191814 | Zig:26   | Killed an ancient lich
191814 | Zig:26   | Reached skill level 15 in Armour
191815 | Zig:26   | Noticed an ancient lich
191820 | Zig:26   | Killed an ancient lich
191820 | Zig:26   | Killed an ancient lich
191820 | Zig:26   | Killed an ancient lich
191822 | Zig:26   | Killed an ancient lich
191829 | Zig:26   | Identified Hilapeg's Tome of Destructive Augmentations (Sif Muna gifted it to you on level 26 of a ziggurat)
191829 | Zig:26   | Received a gift from Sif Muna
191870 | Zig:26   | Got a pair of shimmering gloves
191871 | Zig:26   | Identified the +0 pair of gloves "Jaitong" {Regen+ Str+5 Stlth+} (You found it on level 26 of a ziggurat)
191885 | Zig:26   | Got a twisted whip
191886 | Zig:26   | Identified the +9 whip of the Lumpy Songs {flame, MR++} (You found it on level 26 of a ziggurat)
191917 | Zig:27   | Entered Level 27 of a ziggurat
192151 | Zig:27   | Identified Sif Muna's Grimoire of Damage Dealing (Sif Muna gifted it to you on level 27 of a ziggurat)
192151 | Zig:27   | Received a gift from Sif Muna
192162 | Zig:27   | Got a bloodstained robe
192163 | Zig:27   | Identified the +0 robe of the Black Moon {rCorr MP-9 Dex+8} (You found it on level 27 of a ziggurat)
192172 | Zig:27   | Got an ancient ivory ring
192173 | Zig:27   | Identified the cursed ring "Eteckou" {AC-3 Slay+2} (You found it on level 27 of a ziggurat)
192564 | Zig:1    | Entered Level 1 of a ziggurat
192616 | Zig:2    | Entered Level 2 of a ziggurat
192668 | Zig:3    | Entered Level 3 of a ziggurat
192712 | Zig:3    | Got a twisted dagger
192713 | Zig:3    | Identified the +2 dagger of the Messenger {venom, Int+3 Stlth+} (You found it on level 3 of a ziggurat)
192716 | Zig:3    | Got a heavily runed plate armour
192727 | Zig:3    | Identified the cursed +1 plate armour of Lausk {rElec Int+3} (You found it on level 3 of a ziggurat)
192743 | Zig:4    | Entered Level 4 of a ziggurat
192850 | Zig:5    | Entered Level 5 of a ziggurat
192883 | Zig:5    | Got a shimmering hand axe
192884 | Zig:5    | Identified the +6 hand axe of the Evening {venom, +Fly Str+3} (You found it on level 5 of a ziggurat)
192901 | Zig:6    | Entered Level 6 of a ziggurat
192911 | Zig:6    | Identified Tyen's Compendium of the Assistive Frostbite (Sif Muna gifted it to you on level 6 of a ziggurat)
192911 | Zig:6    | Received a gift from Sif Muna
193084 | Zig:7    | Entered Level 7 of a ziggurat
193125 | Zig:7    | Identified Sif Muna's Guide on Creation and Snow
193138 | Zig:8    | Entered Level 8 of a ziggurat
193237 | Zig:8    | Got a pair of jewelled gloves
193238 | Zig:8    | Identified the +1 pair of gloves of Jotoshry {rElec Dex+5} (You found it on level 8 of a ziggurat)
193304 | Zig:9    | Entered Level 9 of a ziggurat
193320 | Zig:9    | Identified Sif Muna's Grimoire of the Oath and Changing (Sif Muna gifted it to you on level 9 of a ziggurat)
193320 | Zig:9    | Received a gift from Sif Muna
193342 | Zig:9    | Got a coiled silver ring
193343 | Zig:9    | Identified the ring "Kacvof" {+Fly Dex+5} (You found it on level 9 of a ziggurat)
193384 | Zig:10   | Entered Level 10 of a ziggurat
193390 | Zig:10   | Noticed a juggernaut
193396 | Zig:10   | Killed a juggernaut
193472 | Zig:11   | Entered Level 11 of a ziggurat
193484 | Zig:11   | Noticed an ancient lich
193488 | Zig:11   | Killed an ancient lich
193488 | Zig:11   | Identified Sif Muna's Last Secrets of Wizardry (Sif Muna gifted it to you on level 11 of a ziggurat)
193488 | Zig:11   | Received a gift from Sif Muna
193534 | Zig:11   | Identified the Disquisition on Transmutation and the Entourage
193560 | Zig:12   | Entered Level 12 of a ziggurat
193570 | Zig:12   | Noticed an ancient lich
193571 | Zig:12   | Noticed an ancient lich
193573 | Zig:12   | Killed an ancient lich
193573 | Zig:12   | Killed an ancient lich
193575 | Zig:12   | Identified Sif Muna's Grimoire of Toxic Confrontation (Sif Muna gifted it to you on level 12 of a ziggurat)
193575 | Zig:12   | Received a gift from Sif Muna
193605 | Zig:12   | Got a brightly glowing bronze ring
193606 | Zig:12   | Identified the ring of Eckisto {rC+ Stlth+} (You found it on level 12 of a ziggurat)
193613 | Zig:12   | Got a crude spear
193614 | Zig:12   | Identified the +7 spear "Wewnouh" {pierce, +Blink SInv} (You found it on level 12 of a ziggurat)
193650 | Zig:13   | Entered Level 13 of a ziggurat
193670 | Zig:13   | Identified Sif Muna's Tome of the Unholy Blaze (Sif Muna gifted it to you on level 13 of a ziggurat)
193670 | Zig:13   | Received a gift from Sif Muna
193767 | Zig:13   | Got a steaming ruby amulet
193768 | Zig:13   | Identified the amulet "Womurchosm" {Spirit rPois} (You found it on level 13 of a ziggurat)
193786 | Zig:14   | Entered Level 14 of a ziggurat
193798 | Zig:14   | Noticed an ancient lich
193798 | Zig:14   | Noticed an ancient lich
193801 | Zig:14   | Killed an ancient lich
193801 | Zig:14   | Killed an ancient lich
193802 | Zig:14   | Killed an ancient lich
193805 | Zig:14   | Noticed an ancient lich
193805 | Zig:14   | Killed an ancient lich
193805 | Zig:14   | Identified Sif Muna's Reference Book on Flying Slavery (Sif Muna gifted it to you on level 14 of a ziggurat)
193805 | Zig:14   | Received a gift from Sif Muna
193806 | Zig:14   | Killed an ancient lich
193810 | Zig:14   | Noticed an ancient lich
193813 | Zig:14   | Killed an ancient lich
193849 | Zig:14   | Got a brightly glowing robe
193850 | Zig:14   | Identified the +1 robe of Cowardice {Dex+4} (You found it on level 14 of a ziggurat)
193860 | Zig:14   | Identified Coluq's Volume of Assistive Calling
193890 | Zig:15   | Entered Level 15 of a ziggurat
193908 | Zig:15   | Identified Boemoyki's Handbook of the Bewitching Escort (Sif Muna gifted it to you on level 15 of a ziggurat)
193908 | Zig:15   | Received a gift from Sif Muna
193908 | Zig:15   | Reached skill level 27 in Fire Magic
194005 | Zig:16   | Entered Level 16 of a ziggurat
194014 | Zig:16   | Noticed a juggernaut
194016 | Zig:16   | Noticed a juggernaut
194017 | Zig:16   | Killed a juggernaut
194022 | Zig:16   | Killed a juggernaut
194028 | Zig:16   | Reached skill level 27 in Invocations
194091 | Zig:16   | Identified a +2 rod of shadows (11/11) (You found it on level 16 of a ziggurat)
194165 | Zig:17   | Entered Level 17 of a ziggurat
194181 | Zig:17   | Identified Sif Muna's Grimoire of Translocation and Heat (Sif Muna gifted it to you on level 17 of a ziggurat)
194181 | Zig:17   | Received a gift from Sif Muna
194267 | Zig:17   | Got a clouded granite ring
194268 | Zig:17   | Identified the ring of Uskayaw's Supremacy {Str+6 Int-5 Stlth-} (You found it on level 17 of a ziggurat)
194291 | Zig:17   | Got a scorched plate armour
194292 | Zig:17   | Identified the +1 plate armour "Qifos" {rPois rC+ rCorr Str-2} (You found it on level 17 of a ziggurat)
194309 | Zig:18   | Entered Level 18 of a ziggurat
194318 | Zig:18   | Noticed Epemif the pandemonium lord
194320 | Zig:18   | Noticed Nysa Ume the pandemonium lord
194325 | Zig:18   | Killed Epemif the pandemonium lord
194325 | Zig:18   | Identified Sif Muna's Collected Works on Feathers and Summoning (Sif Muna gifted it to you on level 18 of a ziggurat)
194325 | Zig:18   | Received a gift from Sif Muna
194326 | Zig:18   | Killed Nysa Ume the pandemonium lord
194335 | Zig:18   | Noticed Noyf the pandemonium lord
194336 | Zig:18   | Noticed Iklo the pandemonium lord
194337 | Zig:18   | Noticed Oreug the pandemonium lord
194338 | Zig:18   | Noticed Heptu the pandemonium lord
194338 | Zig:18   | Noticed Gooditek the pandemonium lord
194339 | Zig:18   | Killed Noyf the pandemonium lord
194360 | Zig:18   | Noticed Jigadask the pandemonium lord
194364 | Zig:18   | Killed Oreug the pandemonium lord
194365 | Zig:18   | Noticed Fimot the pandemonium lord
194366 | Zig:18   | Noticed Obbeiliw the pandemonium lord
194367 | Zig:18   | Killed Iklo the pandemonium lord
194370 | Zig:18   | Noticed Ufiocs the pandemonium lord
194371 | Zig:18   | Noticed Plog the pandemonium lord
194376 | Zig:18   | Noticed Nutof the pandemonium lord
194377 | Zig:18   | Noticed Wuntoj the pandemonium lord
194382 | Zig:18   | Killed Gooditek the pandemonium lord
194387 | Zig:18   | Killed Nutof the pandemonium lord
194392 | Zig:18   | Killed Ufiocs the pandemonium lord
194393 | Zig:18   | Killed Heptu the pandemonium lord
194396 | Zig:18   | Noticed Taomumec the pandemonium lord
194397 | Zig:18   | Killed Plog the pandemonium lord
194400 | Zig:18   | Killed Jigadask the pandemonium lord
194400 | Zig:18   | Reached skill level 27 in Necromancy
194401 | Zig:18   | Killed Wuntoj the pandemonium lord
194403 | Zig:18   | Killed Taomumec the pandemonium lord
194404 | Zig:18   | Killed Obbeiliw the pandemonium lord
194407 | Zig:18   | Killed Fimot the pandemonium lord
194615 | Zig:19   | Entered Level 19 of a ziggurat
194626 | Zig:19   | Noticed an ancient lich
194631 | Zig:19   | Killed an ancient lich
194632 | Zig:19   | Noticed an ancient lich
194633 | Zig:19   | Identified Sif Muna's Thorough Guide to Witchcraft (Sif Muna gifted it to you on level 19 of a ziggurat)
194633 | Zig:19   | Received a gift from Sif Muna
194634 | Zig:19   | Killed an ancient lich
194644 | Zig:19   | Noticed an ancient lich
194644 | Zig:19   | Killed an ancient lich
194645 | Zig:19   | Killed an ancient lich
194647 | Zig:19   | Noticed an ancient lich
194651 | Zig:19   | Killed an ancient lich
194654 | Zig:19   | Noticed an ancient lich
194657 | Zig:19   | Noticed an ancient lich
194657 | Zig:19   | Noticed an ancient lich
194657 | Zig:19   | Killed an ancient lich
194658 | Zig:19   | Killed an ancient lich
194661 | Zig:19   | Killed an ancient lich
194663 | Zig:19   | Killed an ancient lich
194704 | Zig:19   | Got a flickering turquoise ring
194705 | Zig:19   | Identified the ring "Zueq" {rElec rN+} (You found it on level 19 of a ziggurat)
194773 | Zig:20   | Entered Level 20 of a ziggurat
194847 | Zig:20   | Identified Tyilez's Tome of Confrontation and Weightlessness (Sif Muna gifted it to you on level 20 of a ziggurat)
194847 | Zig:20   | Received a gift from Sif Muna
194962 | Zig:20   | Got a scorched rapier
194963 | Zig:20   | Identified the +6 rapier of Bodily Humours {drain, MR++ Int-2} (You found it on level 20 of a ziggurat)
194973 | Zig:20   | Identified Roxanne's Handbook of Earth and Transmutation
194978 | Zig:20   | Got a bound silver ring
194979 | Zig:20   | Identified the ring "Etiliad" {Wiz rElec Str-5 Dex+3} (You found it on level 20 of a ziggurat)
194991 | Zig:20   | Got a transparent wooden ring
194992 | Zig:20   | Identified the cursed ring of Benevolence {rF+ rC+ rN+ AC-2} (You found it on level 20 of a ziggurat)
195001 | Zig:20   | Got a scorched trident
195002 | Zig:20   | Identified the +5 trident of Departure {drain, rElec} (You found it on level 20 of a ziggurat)
195007 | Zig:20   | Got a pitted mace
195008 | Zig:20   | Identified the cursed +1 mace "Mugimeut" {crush, rC++} (You found it on level 20 of a ziggurat)
195022 | Zig:21   | Entered Level 21 of a ziggurat
195072 | Zig:21   | Identified Sif Muna's Handbook of the Hurtful Blaze (Sif Muna gifted it to you on level 21 of a ziggurat)
195072 | Zig:21   | Received a gift from Sif Muna
195137 | Zig:21   | Identified Ceoraqok's Incunabulum of Floating Contamination
195160 | Zig:21   | Identified Tuhov's Handbook of Clay and the Entourage
195206 | Zig:22   | Entered Level 22 of a ziggurat
195240 | Zig:22   | Identified Yqis's Reference Book on Battle Magic and Flight (Sif Muna gifted it to you on level 22 of a ziggurat)
195240 | Zig:22   | Received a gift from Sif Muna
195320 | Zig:22   | Got a heavily runed shield
195321 | Zig:22   | Identified the +3 shield of Defiance {rC+ MR+ Dex+5} (You found it on level 22 of a ziggurat)
195360 | Zig:22   | Got a heavily runed ring mail
195361 | Zig:22   | Identified the +1 ring mail of Upnuilig {rN+ Dex+2 Slay+2} (You found it on level 22 of a ziggurat)
195371 | Zig:22   | Identified Sif Muna's Guide on Harmful Dislocation (Sif Muna gifted it to you on level 22 of a ziggurat)
195371 | Zig:22   | Received a gift from Sif Muna
195452 | Zig:23   | Entered Level 23 of a ziggurat
195488 | Zig:23   | Identified Hiack's Compendium of Confrontation (Sif Muna gifted it to you on level 23 of a ziggurat)
195488 | Zig:23   | Received a gift from Sif Muna
195498 | Zig:23   | Reached skill level 27 in Charms
195650 | Zig:24   | Entered Level 24 of a ziggurat
195671 | Zig:24   | Identified Sif Muna's Compendium of Sinister Transmutation (Sif Muna gifted it to you on level 24 of a ziggurat)
195671 | Zig:24   | Received a gift from Sif Muna
195675 | Zig:24   | Noticed Leqakybb the pandemonium lord
195682 | Zig:24   | Killed Leqakybb the pandemonium lord
195737 | Zig:25   | Entered Level 25 of a ziggurat
195771 | Zig:25   | Noticed a juggernaut
195776 | Zig:25   | Killed a juggernaut
195814 | Zig:25   | Noticed a juggernaut
195818 | Zig:25   | Noticed a juggernaut
195819 | Zig:25   | Killed a juggernaut
195819 | Zig:25   | Identified Huirijy's Handbook of Supportive Arcane Weapons (Sif Muna gifted it to you on level 25 of a ziggurat)
195819 | Zig:25   | Received a gift from Sif Muna
195820 | Zig:25   | Noticed a juggernaut
195830 | Zig:25   | Noticed a juggernaut
195834 | Zig:25   | Identified Sif Muna's Reference Book on the Excruciating Entourage (Sif Muna gifted it to you on level 25 of a ziggurat)
195834 | Zig:25   | Received a gift from Sif Muna
195840 | Zig:25   | Killed a juggernaut
195840 | Zig:25   | Killed a juggernaut
195850 | Zig:25   | Killed a juggernaut
195885 | Zig:25   | Got a ring of the Octopus King
195886 | Zig:25   | Identified a ring of the Octopus King {MP+9 AC+1 EV+1 Str+1 Int+1 Dex+1} (You found it on level 25 of a ziggurat)
195998 | Zig:25   | Got a coiled emerald amulet
196001 | Zig:25   | Identified the amulet "Mamaalie" {Reflect rF+ SH+5} (You found it on level 25 of a ziggurat)
196063 | Zig:26   | Entered Level 26 of a ziggurat
196085 | Zig:26   | Noticed an ancient lich
196085 | Zig:26   | Noticed an ancient lich
196085 | Zig:26   | Noticed an ancient lich
196085 | Zig:26   | Noticed an ancient lich
196086 | Zig:26   | Noticed an ancient lich
196086 | Zig:26   | Noticed an ancient lich
196088 | Zig:26   | Identified Sif Muna's Tome of Freezing Protection (Sif Muna gifted it to you on level 26 of a ziggurat)
196088 | Zig:26   | Received a gift from Sif Muna
196090 | Zig:26   | Noticed an ancient lich
196090 | Zig:26   | Killed an ancient lich
196090 | Zig:26   | Killed an ancient lich
196091 | Zig:26   | Noticed an ancient lich
196093 | Zig:26   | Noticed an ancient lich
196094 | Zig:26   | Noticed an ancient lich
196094 | Zig:26   | Noticed an ancient lich
196094 | Zig:26   | Noticed an ancient lich
196095 | Zig:26   | Identified Asuhe's Guide on Air (Sif Muna gifted it to you on level 26 of a ziggurat)
196095 | Zig:26   | Received a gift from Sif Muna
196097 | Zig:26   | Killed an ancient lich
196106 | Zig:26   | Killed an ancient lich
196106 | Zig:26   | Killed an ancient lich
196108 | Zig:26   | Killed an ancient lich
196108 | Zig:26   | Identified Sif Muna's Compendium of Dark Rites and Translocation (Sif Muna gifted it to you on level 26 of a ziggurat)
196108 | Zig:26   | Received a gift from Sif Muna
196116 | Zig:26   | Killed an ancient lich
196116 | Zig:26   | Killed an ancient lich
196116 | Zig:26   | Killed an ancient lich
196118 | Zig:26   | Killed an ancient lich
196118 | Zig:26   | Killed an ancient lich
196123 | Zig:26   | Killed an ancient lich
196123 | Zig:26   | Identified Sif Muna's Intricacies of the Arcane Arts (Sif Muna gifted it to you on level 26 of a ziggurat)
196123 | Zig:26   | Received a gift from Sif Muna
196142 | Zig:26   | Got a scorched shield
196153 | Zig:26   | Identified the +5 shield of the Shore {Str+2 Dex+6} (You found it on level 26 of a ziggurat)
196176 | Zig:26   | Got a warped silver ring
196178 | Zig:26   | Identified the ring of Birdsong {rPois rF+ Slay+2} (You found it on level 26 of a ziggurat)
196183 | Zig:26   | Got a pitted steel ring
196184 | Zig:26   | Identified the ring "Eblybig" {Fire Str+4} (You found it on level 26 of a ziggurat)
196477 | Zig:26   | Identified the Grimoire of Supportive Air
196490 | Zig:27   | Entered Level 27 of a ziggurat
196526 | Zig:27   | Noticed a juggernaut
196530 | Zig:27   | Noticed a juggernaut
196531 | Zig:27   | Noticed a juggernaut
196531 | Zig:27   | Killed a juggernaut
196532 | Zig:27   | Noticed a juggernaut
196537 | Zig:27   | Identified Sif Muna's Reference Book on Combat Magic and the Oath (Sif Muna gifted it to you on level 27 of a ziggurat)
196537 | Zig:27   | Received a gift from Sif Muna
196557 | Zig:27   | Killed a juggernaut
196563 | Zig:27   | Killed a juggernaut
196563 | Zig:27   | Killed a juggernaut
196566 | Zig:27   | Reached skill level 27 in Transmutations
196595 | Zig:27   | Identified Sif Muna's Grimoire of Vitriolic Battle Magic (Sif Muna gifted it to you on level 27 of a ziggurat)
196595 | Zig:27   | Received a gift from Sif Muna
196607 | Zig:27   | Reached skill level 27 in Translocations
196607 | Zig:27   | Reached skill level 1 in Polearms
196610 | Zig:27   | Reached skill level 1 in Hexes
196629 | Zig:27   | Learned a level 8 spell: Borgnjor's Revivification
196706 | Zig:27   | Got a fine jade amulet
196708 | Zig:27   | Identified the amulet of Jomodash {Inacc rN+ Str+3} (You found it on level 27 of a ziggurat)
196755 | Depths:3 | Upgraded the game from 0.19.4-10-g532645f to 0.19.4-12-gccf7e64
197249 | Pan      | Entered Pandemonium
197351 | Pan      | Found an exit through the horrors of the Abyss.
197377 | Pan      | Identified Somoug's Papyrus of the Creative Voyage (Sif Muna gifted it to you in Pandemonium)
197377 | Pan      | Received a gift from Sif Muna
197413 | Pan      | Reached skill level 10 in Hexes
197844 | Pan      | Noticed Gishiyr the pandemonium lord
197845 | Pan      | Killed Gishiyr the pandemonium lord
198089 | Pan      | Found an exit through the horrors of the Abyss.
198191 | Pan      | Identified Sif Muna's Handbook of the Frostbite and Earth (Sif Muna gifted it to you in Pandemonium)
198191 | Pan      | Received a gift from Sif Muna
198290 | Pan      | Noticed North's ghost (legendary GrFi)
198309 | Pan      | Killed North's ghost
198867 | Pan      | Noticed Nufot the pandemonium lord
198879 | Pan      | Killed Nufot the pandemonium lord
198900 | Pan      | Identified Sif Muna's Handbook of Harmful Transmigration (Sif Muna gifted it to you in Pandemonium)
198900 | Pan      | Received a gift from Sif Muna
198932 | Pan      | Reached skill level 15 in Hexes
199384 | Pan      | Got a demonic rune of Zot
199397 | Pan      | Found an exit through the horrors of the Abyss.
200475 | Pan      | Found an exit through the horrors of the Abyss.
200627 | Pan      | Noticed Wem Puph the pandemonium lord
200629 | Pan      | Noticed Wem Puph the pandemonium lord
200630 | Pan      | Noticed Wem Puph the pandemonium lord
200633 | Pan      | Noticed Wem Puph the pandemonium lord
200633 | Pan      | Noticed Wem Puph the pandemonium lord
200634 | Pan      | Noticed Wem Puph the pandemonium lord
200634 | Pan      | Killed Wem Puph the pandemonium lord
201443 | Pan      | Entered the realm of Lom Lobon.
201463 | Pan      | Identified Sif Muna's Collected Works on Fiery Snow (Sif Muna gifted it to you in Pandemonium)
201463 | Pan      | Received a gift from Sif Muna
201587 | Pan      | Found an exit through the horrors of the Abyss.
201808 | Pan      | Noticed Lom Lobon
201821 | Pan      | Killed Lom Lobon
201916 | Pan      | Got a magical rune of Zot
202236 | Pan      | Found an exit through the horrors of the Abyss.
202297 | Pan      | Noticed Tiopro the pandemonium lord
202302 | Pan      | Killed Tiopro the pandemonium lord
203225 | Pan      | Noticed Quucuz the pandemonium lord
203232 | Pan      | Killed Quucuz the pandemonium lord
203270 | Pan      | Identified Nofaum's Collected Works on Lethal Evil Secrets (Sif Muna gifted it to you in Pandemonium)
203270 | Pan      | Received a gift from Sif Muna
203456 | Pan      | Found an exit through the horrors of the Abyss.
204166 | Pan      | Entered the realm of Gloorx Vloq.
204536 | Pan      | Noticed Gloorx Vloq
204548 | Pan      | Killed Gloorx Vloq
204799 | Pan      | Got a dark rune of Zot
205409 | Pan      | Identified Giffacem's Compendium of the Harmful Compass (Sif Muna gifted it to you in Pandemonium)
205409 | Pan      | Received a gift from Sif Muna
205458 | Pan      | Found an exit through the horrors of the Abyss.
205841 | Pan      | Found an exit through the horrors of the Abyss.
206610 | Pan      | Noticed Tihosch the pandemonium lord
206616 | Pan      | Killed Tihosch the pandemonium lord
207288 | Pan      | Reached skill level 27 in Air Magic
207559 | Pan      | Noticed Oczuwaacof the pandemonium lord
207570 | Pan      | Killed Oczuwaacof the pandemonium lord
207855 | Pan      | Found an exit through the horrors of the Abyss.
208563 | Pan      | Noticed Nimicwaxt the pandemonium lord
208571 | Pan      | Killed Nimicwaxt the pandemonium lord
208842 | Pan      | Reached skill level 27 in Shields
208853 | Pan      | Reached skill level 1 in Staves
209149 | Pan      | Learned a level 2 spell: Ensorcelled Hibernation
209231 | Pan      | Identified Lehudib's Incunabulum of Battle Magic (Sif Muna gifted it to you in Pandemonium)
209231 | Pan      | Received a gift from Sif Muna
209265 | Pan      | Found an exit through the horrors of the Abyss.
209548 | Pan      | Got a steaming platinum ring
209550 | Pan      | Identified the ring "Miwyanyc" {+Fly rElec rN+} (You found it in Pandemonium)
209689 | Pan      | Noticed Pidy the pandemonium lord
209693 | Pan      | Killed Pidy the pandemonium lord
209739 | Pan      | Found an exit through the horrors of the Abyss.
210421 | Pan      | Found an exit through the horrors of the Abyss.
210547 | Pan      | Noticed Cungef the pandemonium lord
210549 | Pan      | Killed Cungef the pandemonium lord
211195 | Pan      | Identified Sif Muna's Papyrus of Dislocated Clay (Sif Muna gifted it to you in Pandemonium)
211195 | Pan      | Received a gift from Sif Muna
211685 | Pan      | Took an exit into the Abyss.
211685 | Abyss:1  | Escaped into the Abyss
211881 | Abyss:2  | Gained mutation: Potions and wands are less effective at restoring your health. [a neqoxec]
212481 | Abyss:5  | Entered Level 5 of the Abyss
212526 | Abyss:5  | Got a sapphire spear {flame}
212527 | Abyss:5  | Identified the +6 spear "Qururyf" {flame, *Rage rC+ Int+4 Dex+4} (You took it off a deep elf sorcerer on level 5 of the Abyss)
212610 | Abyss:5  | Reached skill level 27 in Armour
212928 | Abyss:5  | Identified Sif Muna's Handbook of the Supportive Mountains (Sif Muna gifted it to you on level 5 of the Abyss)
212928 | Abyss:5  | Received a gift from Sif Muna
213016 | Abyss:5  | Got an abyssal rune of Zot
213101 | Abyss:5  | Found a corrupted altar of Lugonu.
213123 | Depths:1 | Escaped the Abyss
213396 | Lair:1   | Lost mutation: Potions and wands are less effective at restoring your health. [potion of cure mutation]
213396 | Lair:1   | Lost mutation: You are somewhat resistant to further mutation. [potion of cure mutation]
213396 | Lair:1   | Lost mutation: You are agile. (Dex +2) [potion of cure mutation]
213396 | Lair:1   | Lost mutation: You are partially covered in thin metallic scales. (AC +2) [potion of cure mutation]
214200 | Zot:5    | Entered Level 5 of the Realm of Zot
214259 | Zot:5    | Noticed an orb of fire
214259 | Zot:5    | Noticed an ancient lich
214281 | Zot:5    | Noticed an ancient lich
214283 | Zot:5    | Killed an ancient lich
214284 | Zot:5    | Noticed an ancient lich
214285 | Zot:5    | Killed an ancient lich
214288 | Zot:5    | Noticed an orb of fire
214289 | Zot:5    | Killed an orb of fire
214289 | Zot:5    | Identified Sif Muna's Handbook of Dark Conjuration (Sif Muna gifted it to you on level 5 of the Realm of Zot)
214289 | Zot:5    | Received a gift from Sif Muna
214290 | Zot:5    | Noticed an ancient lich
214302 | Zot:5    | Killed an ancient lich
214309 | Zot:5    | Killed an ancient lich
214309 | Zot:5    | Killed an ancient lich
214348 | Zot:5    | Noticed an orb of fire
214349 | Zot:5    | Noticed an orb of fire
214350 | Zot:5    | Noticed an ancient lich
214352 | Zot:5    | Killed an orb of fire
214353 | Zot:5    | Killed an ancient lich
215324 | Zot:5    | Reached skill level 27 in Hexes
215324 | Zot:5    | Reached skill level 1 in Throwing
215340 | Zot:5    | Killed an orb of fire
215340 | Zot:5    | Reached skill level 5 in Stealth
215345 | Zot:5    | Noticed an orb of fire
215346 | Zot:5    | Noticed an ancient lich
215350 | Zot:5    | Upgraded the game from 0.19.4-12-gccf7e64 to 0.19.5
215355 | Zot:5    | Killed from afar by an orb of fire

Skill      XL: |  1  2  3  4  5  6  7  8  9 10 11 12 13 14 15 16 17 18 19 20 21 22 23 24 25 26 27 |
---------------+----------------------------------------------------------------------------------+-----
Dodging        | 3 4 5 6 7 8 9 10 11 12 13 14 15 17 18 19 20 27 | 27.0
Spellcasting   | 4 5 6 7 9 10 12 13 14 15 16 17 18 19 20 21 22 27 | 27.0
Stealth        | 3 4 5 |  5.4
Conjurations   | 2 3 4 5 6 7 8 9 10 11 12 13 15 16 17 18 19 20 27 | 27.0
Charms         | 1 2 3 5 6 7 8 9 10 11 12 13 14 15 27 | 27.0
Summonings     | 1 2 4 5 6 7 8 9 10 11 12 13 27 | 27.0
Ice Magic      | 4 5 7 8 9 10 11 12 13 15 16 18 19 20 21 27 | 27.0
Evocations     | 1 2 3 4 5 6 7 8 27 | 27.0
Invocations    | 2 3 4 6 7 8 9 10 12 27 | 27.0
Necromancy     | 1 3 4 6 7 10 11 13 14 15 16 17 18 19 27 | 27.0
Air Magic      | 3 5 6 7 8 9 10 11 27 | 27.0
Shields        | 3 5 6 7 8 9 10 11 27 | 27.0
Earth Magic    | 1 7 9 10 27 | 27.0
Transmutations | 4 6 27 | 27.0
Translocations | 6 9 27 | 27.0
Armour         | 27 | 27.0
Fighting       | 27 | 27.0
Fire Magic     | 27 | 27.0
Polearms       | 1 |  1.3
Hexes          | 27 | 27.0
Staves         | 3 |  3.5
Throwing       | 2 |  2.6

Action                   |  1- 3 |  4- 6 |  7- 9 | 10-12 | 13-15 | 16-18 | 19-21 | 22-24 | 25-27 || total
-------------------------+-------+-------+-------+-------+-------+-------+-------+-------+-------++-------
Melee: Unarmed           |     2 |       |       |    17 |       |       |       |       |       ||    19
       Spear             |    14 |       |       |       |       |       |       |       |    15 ||    29
       Dagger            |    21 |    10 |    57 |       |       |       |       |       |       ||    88
       Trident           |       |       |    11 |       |       |       |       |       |    66 ||    77
       Whip              |       |       |    24 |    10 |       |       |       |       |       ||    34
       Short sword       |       |       |       |    29 |       |     3 |    10 |    23 |    53 ||   118
       Demon trident     |       |       |       |     7 |       |       |       |       |       ||     7
       Hand axe          |       |       |       |       |    68 |       |       |     9 |       ||    77
       Morningstar       |       |       |       |       |     4 |     8 |     4 |       |       ||    16
       Staff             |       |       |       |       |       |       |    27 |    22 |   184 ||   233
       Bite              |       |       |       |       |       |       |     3 |     2 |    41 ||    46
       War axe           |       |       |       |       |       |       |       |       |     1 ||     1
 Cast: Freeze            |    46 |    39 |    66 |    42 |       |       |       |       |       ||   193
       Throw Frost       |     2 |    34 |    93 |   129 |     5 |       |       |       |       ||   263
       Ozocubu's Armour  |       |     3 |    19 |    34 |    46 |    22 |    33 |    40 |   257 ||   454
       Summon Ice Beast  |       |     8 |    25 |    61 |    19 |       |       |       |       ||   113
       Throw Icicle      |       |       |    43 |   282 |   142 |     1 |       |       |       ||   468
       Summon Butterflie |       |       |     2 |     2 |       |       |       |       |       ||     4
       Regeneration      |       |       |       |    18 |    26 |    21 |    11 |    34 |    70 ||   180
       Ice Form          |       |       |       |     6 |       |       |       |       |       ||     6
       Spectral Weapon   |       |       |       |     2 |       |       |       |       |       ||     2
       Repel Missiles    |       |       |       |     1 |       |       |       |       |       ||     1
       Lightning Bolt    |       |       |       |     5 |       |       |       |       |       ||     5
       Deflect Missiles  |       |       |       |     2 |     3 |     4 |     1 |     4 |    12 ||    26
       Swiftness         |       |       |       |     1 |     8 |     1 |     5 |     4 |     3 ||    22
       Bolt of Cold      |       |       |       |       |   415 |   455 |   554 |   318 |     2 ||  1744
       Simulacrum        |       |       |       |       |    31 |    85 |       |       |       ||   116
       Spellforged Servi |       |       |       |       |       |    20 |    15 |     8 |     6 ||    49
       Orb of Destructio |       |       |       |       |       |    86 |   217 |   223 |  1225 ||  1751
       Summon Hydra      |       |       |       |       |       |    16 |     4 |       |       ||    20
       Infestation       |       |       |       |       |       |     6 |    83 |    29 |       ||   118
       Shroud of Golubri |       |       |       |       |       |       |     6 |    34 |   224 ||   264
       Death's Door      |       |       |       |       |       |       |     3 |     1 |     2 ||     6
       Blink             |       |       |       |       |       |       |     2 |     9 |    11 ||    22
       Metabolic Englaci |       |       |       |       |       |       |       |    17 |     1 ||    18
       Freezing Cloud    |       |       |       |       |       |       |       |    17 |       ||    17
       Glaciate          |       |       |       |       |       |       |       |    69 |  2357 ||  2426
       Lehudib's Crystal |       |       |       |       |       |       |       |       |  2030 ||  2030
       Passwall          |       |       |       |       |       |       |       |       |     2 ||     2
       Necromutation     |       |       |       |       |       |       |       |       |   829 ||   829
       Fire Storm        |       |       |       |       |       |       |       |       |   583 ||   583
       Shatter           |       |       |       |       |       |       |       |       |   276 ||   276
       Tornado           |       |       |       |       |       |       |       |       |   164 ||   164
       Controlled Blink  |       |       |       |       |       |       |       |       |   151 ||   151
       Dragon's Call     |       |       |       |       |       |       |       |       |    11 ||    11
       Chain Lightning   |       |       |       |       |       |       |       |       |     4 ||     4
       Borgnjor's Revivi |       |       |       |       |       |       |       |       |     2 ||     2
       Leda's Liquefacti |       |       |       |       |       |       |       |       |     1 ||     1
       Fireball          |       |       |       |       |       |       |       |       |     1 ||     1
Invok: Channel Magic     |       |       |       |     4 |    20 |    23 |    29 |    32 |   330 ||   438
       Divine Energy     |       |       |       |     1 |       |       |       |       |     6 ||     7
       Forget Spell      |       |       |       |     2 |     3 |     3 |     1 |     3 |    19 ||    31
       Stop Divine Energ |       |       |       |       |     1 |       |       |       |     6 ||     7
 Abil: Evoke Flight      |       |       |       |     1 |       |       |     3 |       |     9 ||    13
       End Transformatio |       |       |       |       |       |       |       |       |    38 ||    38
       Stop Flying       |       |       |       |       |       |       |       |       |     1 ||     1
Evoke: Sack of spiders   |       |       |       |     2 |       |       |       |     1 |       ||     3
       Wand              |       |       |       |     3 |     2 |       |       |       |    68 ||    73
       Phial of floods   |       |       |       |       |       |       |       |     1 |    10 ||    11
       Staff of energy   |       |       |       |       |       |       |       |       | 12133 || 12133
       Crystal ball of e |       |       |       |       |       |       |       |       |   574 ||   574
       Lamp of fire      |       |       |       |       |       |       |       |       |    13 ||    13
       Phantom mirror    |       |       |       |       |       |       |       |       |    10 ||    10
       Rod               |       |       |       |       |       |       |       |       |     5 ||     5
       Sceptre of Asmode |       |       |       |       |       |       |       |       |     2 ||     2
       Box of beasts     |       |       |       |       |       |       |       |       |     2 ||     2
       Figurine of a zig |       |       |       |       |       |       |       |       |     2 ||     2
  Use: Scroll            |       |     5 |    11 |    18 |    13 |     9 |    16 |     9 |   160 ||   241
       Potion            |       |       |       |     1 |     1 |     5 |     7 |     7 |    64 ||    85
 Stab: Sleeping          |     9 |       |     4 |     2 |       |       |       |       |       ||    15
       Paralysed         |       |       |     1 |       |       |       |       |       |       ||     1
       Invisible         |       |       |       |       |       |     1 |       |       |       ||     1
       Distracted        |       |       |       |       |       |       |       |       |     1 ||     1
  Eat: Chunk             |     4 |     7 |    17 |    26 |    75 |    46 |    74 |    27 |    71 ||   347
       Meat ration       |       |     1 |     1 |     2 |     7 |     6 |    10 |     5 |    18 ||    50
       Bread ration      |       |       |     1 |       |     2 |     9 |       |    13 |    25 ||    50
       Pizza             |       |       |       |     1 |     2 |     2 |       |       |     3 ||     8
       Fruit             |       |       |       |       |     3 |     7 |     7 |     7 |     8 ||    32
       Royal jelly       |       |       |       |       |       |       |       |     1 |     1 ||     2
       Beef jerky        |       |       |       |       |       |       |       |     1 |       ||     1
Armor: Robe              |    15 |    17 |    50 |    53 |    93 |    30 |    37 |   116 |   131 ||   542
       Skin              |       |       |       |    12 |       |       |       |       |     4 ||    16
       Leather armour    |       |       |       |       |       |       |       |       |  1006 ||  1006
Dodge: Dodged            |    46 |    50 |   142 |   154 |   326 |   133 |   244 |   415 |  3544 ||  5054
       Deflected         |       |       |       |     6 |    20 |    60 |    64 |    37 |   100 ||   287
Block: Buckler           |       |       |       |       |       |    14 |    64 |   177 |  2084 ||  2339
       Reflection        |       |       |       |       |       |       |       |     2 |   109 ||   111
       Shield            |       |       |       |       |       |       |       |       |  1163 ||  1163
       Rpst.: Long sword |       |       |       |     2 |       |       |       |       |       ||     2
